 Dungeon Crawl Stone Soup version 0.8.0-178-g5053f60 character file.

4260304 Coolthulhu the Archmage (level 27, 207/211 (213) HPs)
             Began as a Demonspawn Venom Mage on June 27, 2011.
             Was the Champion of Vehumet.
             Escaped with the Orb
             ... and 9 runes (of 9 types) on July 2, 2011!
             The game lasted 19:37:44 (172995 turns).

Coolthulhu the Archmage (Demonspawn Venom Mage)   Turns: 172995, Time: 19:37:45

HP 207/211 (213) AC 17     Str 12 Exp: 27/2787686 (3)
MP   9/49        EV 25     Int 29      God: Vehumet [******]
Gold 10641       SH  0     Dex 16      Spells: 19 memorised,  1 level left

Res.Fire  : + . .   See Invis. : +   T - staff of energy {!a}
Res.Cold  : . . .   Warding    : . . X - +4 robe "Lazxilo" {Str+3 Int+2 Acc+3}
Life Prot.: + + .   Conserve   : +   (no shield)
Res.Acid. : + . .   Res.Corr.  : +   w - +2 dwarf helmet
Res.Poison: .       Clarity    : .   p - +2 elf cloak {rCorr, Cons}
Res.Elec. : .       Spirit.Shd : .   Y - +1 pair of gloves of Myxuetic {rN+}
Sust.Abil.: . .     Stasis     : .   (boots unavailable)
Res.Mut.  : .       Ctrl.Telep.: .   r - amulet of Schygyss {cFly +Lev MR}
Res.Rott. : .       Levitation : +   O - ring of Shadows {+Inv rN+ EV+4 Acc-3 SInv Saprovore : . . . Ctrl.Flight: + y - ring of regeneration

@: flying, very slightly glowing, incredibly resistant to hostile enchantments,
extraordinarily stealthy
A: talons 3, berserk 1, magic resistance 3, nightstalker 3, +30% hp, AC +3, EV
-1
a: Renounce Religion, Release Delayed Fireball, Evoke Invisibility, Stop
Levitating


You escaped.
You worshipped Vehumet.
Vehumet was exalted by your worship.
You were completely stuffed.

You visited 18 branches of the dungeon, and saw 107 of its levels.
You visited the Abyss 1 time.
You visited 1 Labyrinth.
You visited 3 bazaars.
You visited 1 portal chamber: ice cave.

You collected 14223 gold pieces.
You spent 3602 gold pieces at shops.

Inventory:

Hand weapons
 a - the +7,+8 katana "Bloodbane" {slice, *Rage +Rage Stlth-}
   (You took it off a guardian mummy on level 3 of the Tomb of the Ancients)

   It inflicts extra damage upon your enemies.
   It lets you go berserk.
   It makes you angry.
   It makes you less stealthy.
 b - the -2,-1 long sword of the Turnip {antimagic, rF++ rC++}
   (You bought it in a shop in a bazaar)

   It disrupts the flow of magical energy around spellcasters and certain
   magical creatures (including the wielder).
   It greatly protects you from fire.
   It greatly protects you from cold.
 q - the +4,+4 Staff of Dispater
   (You took it off Dispater on level 7 of the Iron City of Dis)
 u - the +5,+10 long sword "Schisapol" {slay orc, Int+4}
   (You found it on level 18 of the Dungeon)

   It is especially effective against all of orcish descent.
   It affects your intelligence (+4).
 E - the +10,+6 mithril axe "Arga" {unknown, speed, MR Str+2}
   (You found it on level 7 of Gehenna)

   Attacks with this weapon take half as long, but cause less damage.
   It affects your strength (+2).
   It increases your resistance to enchantments.
 I - a +2,+1 eudemon blade of holy wrath
 V - the +4,+6 dagger of Cievos (quivered) {!a, slay orc, *Rage +Blink rF+ rC+ MR Int+2}
   (You found it on level 6 of the Pits of Slime)

   It is especially effective against all of orcish descent.
   It affects your intelligence (+2).
   It protects you from fire.
   It protects you from cold.
   It increases your resistance to enchantments.
   It lets you blink.
   It makes you angry.
Armour
 p - a +2 elven cloak of preservation (worn)
 w - a +2 dwarven helmet (worn)
 G - a +2 cap
 K - the +2 pair of boots of the Assassin {+Inv Dex+3 Stlth++}
   (You bought it in a shop in a bazaar)

   It affects your dexterity (+3).
   It lets you turn invisible.
   It makes you much more stealthy.
   These boots were specially designed by the Assassin's Guild.
 U - a +0 steam dragon armour
 X - the +4 robe "Lazxilo" (worn) {Str+3 Int+2 Acc+3}
   (You took it off a deep elf soldier on level 5 of the Elven Halls)

   It affects your strength (+3).
   It affects your intelligence (+2).
   It affects your accuracy (+3).
 Y - the +1 pair of gloves of Myxuetic (worn) {rN+}
   (You found it on level 6 of the Pits of Slime)

   It protects you from negative energy.
Magical devices
 m - a wand of teleportation (3)
 B - a wand of teleportation (5)
Scrolls
 i - 12 scrolls of enchant weapon II
 j - 4 scrolls of remove curse
 s - a scroll of amnesia
 v - 5 scrolls of identify
 z - 12 scrolls of enchant armour
Jewellery
 c - the ring of Phoma {AC+2 Str+1 Int+3}
   (You found it on level 5 of the Elven Halls)

   [ring of protection]

   It affects your AC (+2).
   It affects your strength (+1).
   It affects your intelligence (+3).
 d - an uncursed amulet of the gourmand
 e - the ring of Ycaf Urph {rElec rC+}
   (You bought it in a shop on level 27 of the Dungeon)

   [ring of protection from cold]

   It insulates you from electricity.
 g - the ring of Waps {rC+ SInv}
   (You found it on level 6 of the Pits of Slime)

   [ring of protection from cold]

   It enhances your eyesight.
 h - the amulet of Clenak {Spirit rC+}
   (You found it on level 6 of the Pits of Slime)

   [amulet of guardian spirit]

   It protects you from cold.
 r - the amulet of Schygyss (around neck) {cFly +Lev MR}
   (You found it on level 4 of the Crypt)

   [amulet of controlled flight]

   It increases your resistance to enchantments.
   It lets you levitate.
 y - a ring of regeneration (left hand)
 O - the ring of Shadows (right hand) {+Inv rN+ EV+4 Acc-3 SInv Stlth++}
   (You found it on level 8 of the Vaults)

   [ring of invisibility]

   It affects your evasion (+4).
   It affects your accuracy (-3).
   It protects you from negative energy.
   It enhances your eyesight.
   It makes you much more stealthy.
 P - an uncursed ring of wizardry
 R - an uncursed ring of teleport control
 Z - the ring of Larutap {SustAb Str-5 Dex+4}
   (You found it on level 4 of the Swamp)

   [ring of sustain abilities]

   It affects your strength (-5).
   It affects your dexterity (+4).
Potions
 J - 3 potions of cure mutation
Books
 x - a Grand Grimoire {god gift}

   WARNING:   If you fail in an attempt to memorise a spell from this book, the
   book will lash out at you.

   Spells                             Type                      Level
   Demonic Horde                      Summoning                    6
   Haunt                              Necromancy/Summoning         7
   *Summon Greater Demon              Summoning                    7
   Malign Gateway                     Summoning/Translocation      7
   Summon Horrible Things             Summoning                    8
 D - a book of Annihilations {god gift}

   WARNING:   If you fail in an attempt to memorise a spell from this book, the
   book will lash out at you.

   Spells                             Type                      Level
   Poison Arrow                       Conjuration/Poison           6
   Orb of Destruction                 Conjuration                  7
   Chain Lightning                    Conjuration/Air              8
   *Lehudib's Crystal Spear           Conjuration/Earth            8
   Ice Storm                          Conjuration/Ice              9
   *Fire Storm                        Conjuration/Fire             9
Magical staves
 l - a staff of channeling {!a}
 T - a staff of energy (weapon) {!a}
Orbs of Power
 W - the Orb of Zot
Miscellaneous
 f - the horn of Geryon
 k - a serpentine rune of Zot
 n - a golden rune of Zot
 o - an abyssal rune of Zot
 t - an icy rune of Zot
 A - an obsidian rune of Zot
 C - a decaying rune of Zot
 F - an iron rune of Zot
 H - a silver rune of Zot
 S - a slimy rune of Zot You had 3 experience left.


   Skills:
 + Level 8 Fighting
 + Level 6 Short Blades
 + Level 7 Long Blades
 + Level 4 Staves
 + Level 4 Armour
 + Level 14 Dodging
 + Level 8 Stealth
 + Level 7 Stabbing
 + Level 7 Traps & Doors
 * Level 27 Spellcasting
 + Level 24 Conjurations
 + Level 11 Charms
 + Level 18 Summonings
 + Level 17 Necromancy
 + Level 3 Translocations
 + Level 9 Transmutations
 + Level 15 Fire Magic
 + Level 3 Air Magic
 - Level 18 Earth Magic
 - Level 11 Poison Magic
 + Level 4 Evocations


You had one spell level left.
You knew the following spells:

 Your Spells              Type           Power        Success   Level  Hunger
a - Summon Dragon         Summ           ########..   Great       9    Honeycomb
c - Lehudib's Crystal Sp  Erth/Conj      #########.   Excellent   8    Choko
d - Stone Arrow           Erth/Conj      #######      Perfect     3    None
e - Sublimation of Blood  Necr           ########..   Perfect     2    None
f - Regeneration          Chrm/Necr      ########..   Perfect     3    None
g - Fulsome Distillation  Trmt/Necr      N/A          Perfect     1    None
i - Fireball              Fire/Conj      #########.   Excellent   6    None
j - Summon Small Mammals  Summ           #####        Perfect     1    None
k - Summon Greater Demon  Summ           ########..   Excellent   7    None
l - Iron Shot             Erth/Conj      #########.   Excellent   6    None
m - Abjuration            Summ           ########..   Perfect     3    None
n - Delayed Fireball      Fire/Conj      N/A          Excellent   7    None
o - Blink                 Tloc           N/A          Excellent   2    None
p - Haste                 Chrm           ########.    Excellent   6    None
q - Dispel Undead         Necr           ########.    Perfect     4    None
r - Animate Skeleton      Necr           N/A          Perfect     1    None
s - Shadow Creatures      Summ           N/A          Perfect     5    None
t - Fire Storm            Fire/Conj      #########.   Great       9    Honeycomb
u - Swiftness             Air/Chrm       #######...   Excellent   2    None

Dungeon Overview and Level Annotations

Branches:
Dungeon (27/27)            Temple (1/1) D:7             Orc (4/4) D:7
    Elf (5/5) Orc:4          Lair (8/8) D:11          Swamp (5/5) Lair:2
  Slime (6/6) Lair:7        Snake (5/5) Lair:4         Hive (2/2) D:13
  Vault (8/8) D:19          Blade (1/1) Vault:6       Crypt (5/5) Vault:3
   Tomb (3/3) Crypt:3         Dis (7/7) Hell            Geh (7/7) Hell
    Coc (7/7) Hell            Tar (0/7) Hell            Zot (5/5) D:27

Altars:
Ashenzari
Cheibriados
Elyvilon
Fedhas
Kikubaaqudgha
Makhleb
Nemelex Xobeh
Okawaru
Sif Muna
The Shining One
Trog
Vehumet
Xom
Yredelemnul
Zin
Beogh
Jiyva

Shops:
D:15: ( D:22: % D:27: = Orc:3: **( Orc:4: ((*+ Elf:2: !*+ Elf:4: [ Snake:1: * Snake:2: =%* Vault:2: ( Vault:7: ?[/ Vault:8: !%%!%%%?

Portals:
Hell: D:21 D:22 D:23 D:24 D:25 D:26 D:27 Dis:1* Dis:2 Dis:3** Dis:4* Dis:5 Dis:6 Dis:7** Geh:1 Geh:2 Geh:3 Geh:4* Geh:5 Geh:6

Geh:7*
Coc:1**
Coc:2**
Coc:3*
Coc:4**
Coc:5**
Coc:6**
Coc:7**


Abyss: D:23 D:25 Pan: D:23 D:24 D:27


Innate Abilities, Weirdness & Mutations

You have claws for feet.
You are completely covered in molten scales (AC +3, EV -1, rF+).
You are extremely resistant to the effects of hostile enchantments.
You are completely attuned to the shadows.
You are extremely robust (+30% HP).
You tend to lose your temper in combat.


Message History

Casting: Sublimation of Blood
Confirm with . or Enter, or press ? or * to list all spells.
Aiming: Fire Storm
Press: ? - help, Dir - move target cursor A raging storm of fire appears!
Are you sure you want to leave the Dungeon?
You have escaped!

▒∙∙∙∙▒▒∙∙∙∙∙∙∙∙∙∙∙∙∙∙∙∙∙∙∙∙∙∙)∙∙∙∙∙∙
▒∙∙∙∙▒▒<∙∙∙▒▒▒▒▒∙▒▒▒▒▒▒▒▒▒▒∙▒▒▒▒∙▒▒▒
▒∙∙∙∙∙>∙∙∙∙∙∙∙∙∙∙▒ ▒∙▒ ▒∙∙∙∙
▒∙∙∙∙∙▒▒▒▒▒▒▒∙▒▒▒▒▒▒▒▒▒▒▒▒▒∙▒▒▒▒▒▒▒∙ ▒▒
▒∙▒▒∙∙▒∙∙∙∙▒∙∙▒∙▒∙∙∙∙∙∙∙∙∙∙∙∙∙∙∙∙∙▒∙ ∙▒
▒∙▒▒∙∙▒∙∙∙∙∙▒▒▒▒∙∙∙∙∙∙∙∙∙∙∙▒▒∙∙∙∙∙▒∙ ∙▒
▒∙▒▒∙∙▒▒∙∙▒∙∙∙∙∙∙∙∙∙∙∙∙∙▒▒∙∙▒▒∙∙∙∙▒∙ ∙▒
▒(▒▒∙∙▒∙∙∙∙▒∙∙∙▒∙∙∙∙∙∙∙∙∙∙▒▒∙▒▒∙∙∙▒∙ ∙▒
▒∙▒▒∙∙▒∙∙∙∙▒▒∙∙∙∙∙∙▒∙▒∙∙∙∙∙▒∙∙∙▒∙∙▒∙ ∙▒
▒∙▒▒∙∙▒▒∙∙▒▒▒▒∙∙∙∙∙∙∙∙∙∙∙∙▒▒∙(∙∙∙∙▒∙ ∙▒
▒^▒▒∙∙▒▒∙∙∙▒∙∙∙∙∙[∙▒∙▒∙∙∙∙∙▒▒∙∙▒∙∙▒∙ ∙▒
▒∙▒▒∙∙▒∙∙∙∙▒∙∙∙▒▒▒∙∙<∙∙∙▒▒∙∙∙∙∙▒▒∙▒∙
∙▒▒▒▒▒▒∙▒▒∙∙∙▒▒∙∙∙∙∙∙∙∙∙∙∙∙∙∙∙∙∙∙∙∙∙▒▒∙∙▒∙
∙∙∙∙∙∙∙∙▒▒∙∙▒∙∙∙∙∙∙∙#▒▒▒∙∙∙▒▒∙∙∙∙∙∙∙∙▒∙∙▒∙
∙▒▒▒▒▒▒▒▒▒∙∙▒∙∙∙∙▒#v##∙∙#▒▒▒∙▒∙∙∙<∙∙∙∙▒∙∙∙
∙▒ ▒∙∙▒∙∙∙∙##v#▒▒▒##▒∙▒▒∙∙∙∙∙∙∙∙▒∙▒∙ ∙▒
▒∙∙▒▒∙∙∙∙▒##∙####▒▒▒∙∙∙∙▒∙∙∙▒∙∙▒∙ ▒▒
▒(∙▒∙∙∙▒∙∙∙v∙∙##▒▒∙▒∙∙∙▒∙∙∙∙▒∙▒▒∙
▒∙∙▒∙∙▒###∙∙@v##▒∙▒▒∙∙∙∙∙∙∙▒▒∙▒▒∙
▒∙∙▒∙∙▒##▒▒∙(∙####∙∙▒▒∙∙∙∙∙▒▒∙∙▒∙
▒∙∙▒∙∙#▒#vv#∙v###∙∙▒▒∙▒∙∙▒∙∙▒∙∙▒∙
▒∙∙▒∙∙∙∙vv#▒▒∙▒▒#∙∙▒∙▒▒∙∙∙∙∙∙∙∙▒∙
▒▒▒▒▒▒▒▒▒▒∙∙▒∙∙∙#####∙▒∙∙∙∙∙(▒▒∙∙∙∙∙∙∙∙∙▒∙
∙∙∙∙∙∙∙∙∙∙∙∙▒▒▒▒▒▒▒▒▒▒▒∙▒▒▒▒▒▒▒▒▒▒▒▒▒▒▒▒▒∙
▒▒▒▒▒▒▒▒▒▒∙∙∙∙∙∙∙▒▒▒▒▒▒∙▒▒▒▒▒▒▒▒▒▒▒▒▒▒▒▒▒▒
▒▒∙∙∙∙∙∙∙∙∙∙∙∙∙∙∙∙^∙∙∙∙∙∙∙∙∙∙∙∙∙∙
▒▒▒▒▒▒∙∙∙▒▒▒▒▒▒▒▒▒▒▒▒▒▒▒▒▒▒▒▒▒▒▒ ▒▒▒▒▒▒▒▒
▒▒▒▒▒▒∙∙∙▒ ▒ ∙∙∙∙∙∙∙▒▒▒▒∙∙∙∙∙∙∙∙▒ ▒
▒▒▒▒▒▒▒▒▒∙[▒▒▒▒▒∙∙∙▒ ▒▒▒▒▒▒ ▒ ▒▒∙▒▒▒▒▒∙∙∙▒
▒∙∙∙∙▒ ▒ ▒▒▒▒▒▒▒▒▒▒∙▒∙∙∙∙∙∙∙▒ ▒∙∙∙∙▒ ▒
∙∙∙∙∙∙∙∙∙∙∙▒∙∙∙∙∙∙∙▒ ▒∙∙∙∙▒ ▒
▒▒▒▒▒▒▒▒▒▒▒▒∙∙∙∙∙▒▒▒ ▒∙∙∙∙▒ ▒
▒∙∙∙∙∙▒▒▒▒▒▒▒▒▒▒▒▒∙∙∙∙▒▒▒▒▒▒▒▒▒
▒∙∙∙∙∙∙∙∙∙∙∙∙∙∙∙∙∙∙∙∙∙∙∙∙∙∙∙∙∙∙


You could see friendly 9 fire vortices.

Vanquished Creatures
  the royal jelly (Slime:6)
  Dispater (Dis:7)
  Khufu (Crypt:2)
  10 ancient liches
  the Serpent of Hell (Coc:7)
  6 greater mummies
  Saint Roka (D:26)
  Boris (twice) (Crypt:3 Blade)
  A curse toe (Zot:4)
  3 Killer Klowns
  The ghost of tragedy the Fencer, a great HaWn of Okawaru (Slime:6)
  5 golden dragons
  5 electric golems
  Xtahua (D:20)
  21 Fiends
  3 Pit Fiends
  22 Orb Guardians
  Nikola (Snake:2)
  6 curse skulls
  2 titans
  17 acid blobs
  2 deep elf blademasters (Elf:5)
  9 liches
  13 shadow dragons
  Kirke (D:17)
  5 sphinxes
  10 storm dragons
  A quicksilver dragon (Vault:8)
  9 Shadow Fiends
  Agnes (Snake:1)
  2 draconian monks
  45 Ice Fiends
  7 Executioners
  Aizul (Swamp:1)
  6 draconian knights
  20 Balrugs
  The ghost of Miritol the Backstabber, a mighty KoAK of Lugonu (D:16)
  Donald (Snake:2)
  12 bone dragons
  11 frost giants
  14 azure jellies
  Wiglaf (D:17)
  Louise (Snake:1)
  A quicksilver dragon zombie (Coc:7)
  3 draconian scorchers
  7 draconian zealots
  An orc warlord (Vault:4)
  3 iron dragons
  Maud (Swamp:3)
  2 fire giants
  55 stone giants
  4 draconian annihilators
  9 tentacled monstrosities
  A quicksilver dragon skeleton (Crypt:3)
  4 draconian shifters
  14 Cacodemons
  5 green draconians
  3 draconian callers
  6 deep elf annihilators
  6 grey draconians
  4 pale draconians
  3 white draconians
  Jozef (Lair:1)
  2 mottled draconians
  4 yellow draconians
  8 deep elf death magi (Elf:5)
  7 red draconians
  11 greater nagas
  9 black draconians
  4 purple draconians
  4 deep elf master archers (Elf:5)
  15 Blue Deaths
  5 deep elf sorcerers (Elf:5)
  The ghost of ryw the Slicer, a powerful HECr of Okawaru (Orc:3)
  41 yaktaur captains
  11 ettins
  A vampire knight (Crypt:4)
  17 Green Deaths
  A titan zombie (Abyss)
  Snorg (Snake:1)
  A storm dragon zombie (Crypt:4)
  23 vault guards
  3 mummy priests
  9 death oozes
  A minotaur (Lab)
  6 dragons
  2 storm dragon skeletons
  29 hydras
  Josephine (Swamp:3)
  A golden dragon zombie (Geh:7)
  10 ogre magi
  5 great orbs of eyes
  Erica (Lair:3)
  19 ice dragons
  Harold (Swamp:2)
  8 death cobs
  A hydra (shapeshifter) (Vault:8)
  The ghost of Liquorice the Spear-Bearer, a powerful DSGl of Makhleb (Lair:4)
  4 deep elf demonologists
  An anaconda zombie (Geh:5)
  2 golden dragon skeletons
  6 anacondas
  Nessos (D:17)
  A rakshasa (D:16)
  19 dancing weapons
  3 anaconda skeletons
  An alligator (shapeshifter) (Vault:7)
  7 iron dragon zombies
  33 deep trolls
  12 death yaks
  An anaconda (shapeshifter) (Vault:8)
  4 stone giant zombies
  6 hell hogs
  A shadow dragon skeleton (Abyss)
  4 deep elf high priests (Elf:5)
  Nergalle (Swamp:1)
  3 ghost moths
  2 frost giant zombies (Vault:2)
  9 alligators
  5 orc high priests (Orc:4)
  A sphinx skeleton (Crypt:3)
  An iron dragon skeleton (Dis:2)
  A sun demon (Abyss)
  10 stone giant skeletons
  6 very ugly things
  20 centaur warriors
  33 ice devils
  2 frost giant skeletons
  12 iron golems
  4 griffons
  6 fire giant skeletons
  2 soul eaters
  111 skeletal warriors
  An elephant slug zombie (Tomb:3)
  10 unseen horrors
  2 giant orange brains
  A shadow wraith (Crypt:5)
  9 hell knights
  A mottled draconian zombie (Coc:7)
  33 deep elf knights
  23 iron trolls
  A white draconian zombie (Crypt:1)
  Erolcha (D:13)
  25 orc knights
  3 wizards
  A sea snake zombie (Abyss)
  2 green draconian zombies (Abyss)
  A red draconian zombie (Abyss)
  15 naga warriors
  A black draconian zombie (Coc:7)
  2 yellow draconian zombies (Crypt:1)
  A purple draconian zombie (Abyss)
  2 elves (shapeshifter)
  10 giant amoebae
  4 orc sorcerers
  7 flaming corpses
  A giant amoeba (shapeshifter) (Vault:8)
  An iron troll zombie (Vault:2)
  5 necromancers
  3 black draconian skeletons
  5 ice statues
  3 harpies (D:19)
  7 swamp dragons
  2 yellow draconian skeletons
  2 harpy zombies
  2 lindwurms (shapeshifter)
  A hill giant (shapeshifter) (Hell)
  21 flayed ghosts
  A pale draconian skeleton (Coc:3)
  A white draconian skeleton (Geh:7)
  A minotaur zombie (Tomb:1)
  A death yak skeleton (Geh:4)
  5 iron troll skeletons
  Joseph (D:9)
  A sea snake skeleton (Coc:2)
  A hydra zombie (Swamp:3)
  A purple draconian skeleton (Abyss)
  Urug (D:13)
  2 swamp dragons (shapeshifter) (Vault:8)
  3 death drake zombies (Dis:7)
  3 guardian serpents (shapeshifter)
  A red draconian skeleton (Zot:5)
  12 hellions
  18 hill giants
  2 siren zombies
  A shining eye (shapeshifter) (D:23)
  15 guardian serpents
  A green draconian skeleton (Zot:4)
  A deep dwarf berserker (Abyss)
  4 centaur zombies
  A death drake skeleton (Dis:7)
  A grey draconian skeleton (Abyss)
  A harpy (shapeshifter) (Elf:2)
  6 cyclopes
  5 spiny worms
  23 black mambas
  7 phantasmal warriors
  2 Lorocyprocas
  2 harpy skeletons
  2 shining eyes
  2 dragon zombies
  A glowing shapeshifter (Vault:8)
  18 large large abominations (Abyss)
  A stone golem (Abyss)
  2 sixfirhies
  5 elf zombies
  15 ice dragon zombies
  A trapdoor spider (Lab)
  16 moths of wrath
  3 door mimics
  3 red wasps
  A red wasp zombie (Hell)
  4 trapdoor spider zombies
  A fountain mimic (D:18)
  A weapon mimic (D:15)
  11 hellwings
  2 wolf spiders
  2 beasts
  2 spiny frogs
  35 reapers
  A black mamba (shapeshifter) (D:21)
  3 slime creatures (shapeshifter)
  A queen ant (shapeshifter) (Vault:6)
  26 tormentors
  A yaktaur (shapeshifter) (Vault:2)
  A guardian serpent skeleton (Crypt:1)
  116 slime creatures
  6 rock trolls
  8 ettin skeletons
  7 orange demons
  75 yaktaurs
  A griffon skeleton (D:15)
  2 efreeti (Abyss)
  A spiny worm zombie (Crypt:4)
  An eye of devastation (shapeshifter) (D:27)
  20 ice dragon skeletons
  A dragon skeleton (Crypt:3)
  A black mamba zombie (Crypt:2)
  2 hill giant zombies
  Psyche (Orc:4)
  2 eyes of devastation (Slime:6)
  117 ugly things
  A giant firefly zombie (Dis:5)
  3 guardian mummies
  7 naga magi
  2 queen bees
  A hill giant skeleton (D:27)
  A troll (shapeshifter) (D:27)
  2 spriggans (shapeshifter)
  Sonja (Swamp:3)
  A deep dwarf necromancer (Abyss)
  18 iron devils
  4 komodo dragons
  21 polar bears
  3 rock troll zombies
  4 silent spectres
  14 smoke demons
  A snapping turtle (shapeshifter) (Elf:2)
  11 trolls
  A two-headed ogre (shapeshifter) (Vault:1)
  2 agate snail zombies
  7 baby alligators
  A komodo dragon (shapeshifter) (Vault:8)
  21 two-headed ogres
  A spiny frog zombie (Geh:7)
  A snapping turtle zombie (Crypt:1)
  A deep troll skeleton (Vault:5)
  23 giant toads
  A human skeleton (Abyss)
  5 hairy devils
  A griffon simulacrum (Vault:1)
  11 grizzly bears (Lair:8)
  2 rock troll skeletons
  A redback zombie (Hell)
  A spiny frog skeleton (Tomb:3)
  40 blue devils
  25 brown oozes
  A merfolk zombie (Crypt:2)
  A swamp dragon zombie (Coc:2)
  4 bumblebees (Vault:6)
  2 blink frog zombies
  2 chaos spawn (Abyss)
  Edmund (D:4)
  A shark (Hell)
  27 wraiths
  A viper (Snake:1)
  11 deep elf conjurers
  A rotting hulk (Crypt:5)
  11 ynoxinuls (Abyss)
  A giant toad (shapeshifter) (D:27)
  A viper zombie (Coc:1)
  17 vampires
  36 vampire mosquitoes
  4 fire drakes
  2 hogs (D:16)
  3 wyverns
  A merfolk skeleton (Geh:7)
  52 yaks
  10 hippogriffs
  2 demonic crawlers (Abyss)
  2 merfolk (shapeshifter)
  2 blink frog skeletons
  9 golden eyes
  29 metal gargoyles
  Grum (D:10)
  11 neqoxecs
  A viper skeleton (Crypt:1)
  16 deep elf summoners
  8 fire crab zombies
  11 molten gargoyles (Geh:7)
  A shadow demon (Hell)
  19 small abominations
  A yaktaur zombie (D:20)
  4 hungry ghosts
  2 fire drake zombies
  A giant slug zombie (D:21)
  11 water elementals
  31 deep elf fighters
  21 necrophages
  A manticore (shapeshifter) (D:27)
  A komodo dragon skeleton (Crypt:2)
  A rock worm (D:17)
  A spatial vortex (Dis:7)
  14 war dogs
  A jumping spider zombie (Coc:7)
  A mottled dragon (D:17)
  A soldier ant (D:12)
  3 yaktaur skeletons
  45 hell hounds
  35 swamp worms
  37 freezing wraiths
  2 kobold demonologists
  7 red devils
  3 sky beasts
  15 deep elf priests
  5 black bears (Lair:8)
  2 humans
  16 ice beasts
  2 cyclops skeletons
  52 insubstantial wisps
  A wyvern skeleton (Tomb:1)
  21 giant goldfish
  2 bumblebee zombies
  A troll zombie (Crypt:3)
  4 giant goldfish zombies
  7 phantoms
  A hippogriff zombie (Coc:1)
  7 yellow wasps
  81 nagas
  76 orc warriors
  12 swamp drakes
  4 gila monsters
  A shark zombie (Coc:3)
  2 yak skeletons
  12 rotting devils
  39 ogres
  A naga (shapeshifter) (D:27)
  A brain worm (Abyss)
  10 crocodiles
  A fire crab simulacrum (Vault:2)
  A grizzly bear skeleton (Crypt:1)
  12 wolves (Port)
  40 centaurs
  A draconian (shapeshifter) (D:27)
  A troll skeleton (Crypt:3)
  Duvessa (D:8)
  The ghost of ChickenWing the Grave Robber, an average DSNe (D:3)
  35 deep elf magi
  2 lava worms (Geh:7)
  27 water moccasins
  8 wargs
  A boring beetle (Vault:4)
  8 big kobolds
  A silver statue (D:20)
  11 giant slugs
  2 yellow wasp zombies
  5 agate snails
  A war dog skeleton (Geh:4)
  20 giant frogs
  A water moccasin zombie (Coc:7)
  2 giant leeches
  A cyclops simulacrum (D:23)
  4 water moccasin skeletons
  2 black bear skeletons
  142 killer bees
  6 eyes of draining
  7 lava fish
  85 wights
  6 boulder beetles
  8 electric eels
  2 pulsating lumps (Slime:6)
  11 jellyfish
  4 goliath beetles
  A gnome zombie (Crypt:3)
  A killer bee zombie (Coc:2)
  2 quasits
  A dwarf zombie (Coc:7)
  3 fire bats (Abyss)
  19 imps
  2 deep dwarf zombies
  2 ogre zombies
  Dowan (D:8)
  2 demonspawn skeletons
  8 hounds
  A crocodile zombie (Tomb:1)
  A deep dwarf skeleton (Coc:1)
  2 demigod skeletons
  40 orc priests
  10 big fish
  2 big kobold skeletons
  A gila monster skeleton (Vault:3)
  3 gnome skeletons
  26 shadows
  2 hound zombies
  15 iron imps
  3 hound skeletons
  2 scorpions
  2 worker ants
  53 deep elf soldiers
  A spider (shapeshifter) (Vault:8)
  34 orc wizards
  10 porcupines
  2 swamp drake zombies
  A worker ant zombie (D:8)
  7 iguanas
  9 statues
  7 big fish zombies (Coc:7)
  2 draconian zombies
  16 sheep
  2 orange rats
  2 swamp drake skeletons (Swamp:3)
  3 big fish skeletons (Coc:7)
  21 jellies
  A worm zombie (Dis:1)
  2 fire vortices
  A goliath beetle zombie (Coc:7)
  2 mummies
  50 flying skulls
  2 big fish simulacra
  6 gnolls
  3 giant centipedes
  33 green rats
  A halfling zombie (Crypt:2)
  36 snakes
  8 lemures
  2 iguana zombies
  8 midges (Abyss)
  4 shadow imps
  A sheep skeleton (Crypt:4)
  A snake skeleton (Swamp:3)
  5 iguana skeletons
  45 white imps
  5 worms
  5 draconian skeletons
  2 giant mites
  2 porcupine skeletons
  5 ufetubi
  15 grey rats
  A bat skeleton (Crypt:2)
  2 bat zombies
  A giant mite zombie (Crypt:2)
  2 green rat zombies (D:8)
  2 megabat zombies
  4 giant eyeballs
  7 giant geckos
  A human zombie (Crypt:1)
  13 oozes
  An orc (shapeshifter) (Elf:5)
  163 orcs
  10 giant cockroaches
  21 hobgoblins
  18 jackals
  7 quokkas
  A small snake (shapeshifter) (Vault:8)
  An ant larva (shapeshifter) (D:26)
  An ant larva zombie (Dis:5)
  A giant cockroach zombie (Crypt:4)
  A giant gecko skeleton (Vault:3)
  5 giant newts
  2 giant newt skeletons
  A giant newt zombie (Coc:7)
  3 giant spores
  18 goblins
  A goblin skeleton (Coc:2)
  A goblin zombie (Crypt:4)
  A grey rat zombie (Crypt:2)
  A hobgoblin skeleton (Crypt:5)
  A hobgoblin zombie (Crypt:4)
  A jackal skeleton (Coc:7)
  50 killer bee larvae
  A killer bee larva zombie (Coc:4)
  71 kobolds
  A kobold skeleton (Vault:3)
  45 megabats
  5 orc skeletons
  2 orc zombies (Orc:4)
  A quokka skeleton (Crypt:2)
  42 rats
  A rat simulacrum (Vault:2)
  2 rat skeletons
  3 rat zombies (D:8)
  2 small snakes
  9 ballistomycetes
  3 fungi
  11 plants
  41 toadstools
4623 creatures vanquished.

Vanquished Creatures (collateral kills)
  Antaeus (Hell)
  2 orbs of fire (Zot:5)
  29 greater mummies
  Mennas (Vault:2)
  Geryon (Hell)
  A golden dragon (Zot:1)
  A Pit Fiend (Tomb:3)
  A lich (Dis:7)
  3 Orb Guardians (Zot:5)
  2 acid blobs (Slime:6)
  A shadow dragon (Vault:8)
  3 storm dragons
  2 Ice Fiends
  2 Shadow Fiends
  3 Balrugs
  An iron dragon (Dis:7)
  2 bone dragons
  A fire giant (Hell)
  A tentacled monstrosity (Zot:3)
  8 stone giants
  A draconian shifter (Zot:5)
  2 Cacodemons
  A grey draconian (Zot:1)
  2 green draconians
  2 Green Deaths
  A deep elf death mage (Hell)
  2 mottled draconians
  4 Blue Deaths
  A pale draconian (Zot:5)
  4 yaktaur captains
  A dragon (Zot:3)
  A vault guard (Vault:7)
  An eidolon (Abyss)
  37 mummy priests
  An ice dragon (Zot:5)
  2 death cobs (Zot:2)
  An anaconda zombie (Tomb:2)
  2 frost giant skeletons
  2 deep trolls (Hell)
  4 iron golems
  A griffon (Vault:2)
  21 skeletal warriors
  3 soul eaters
  5 hell knights
  A purple draconian zombie (Coc:6)
  2 yaktaur zombies (Hell)
  A red draconian zombie (Dis:7)
  2 hellions
  9 ice devils
  2 flayed ghosts
  A hydra zombie (Geh:2)
  A red draconian skeleton (Abyss)
  A sea snake skeleton (Crypt:2)
  A flaming corpse (Dis:1)
  A death drake zombie (Dis:5)
  A necromancer (Dis:7)
  A minotaur skeleton (Abyss)
  4 ice dragon zombies
  A phantasmal warrior (Tomb:2)
  2 moths of wrath
  2 trapdoor spider zombies
  A griffon skeleton (Tomb:2)
  A beast (Hell)
  15 reapers
  An eye of devastation (Slime:6)
  A hellwing (Tomb:3)
  A rock troll (D:21)
  126 guardian mummies
  6 ice dragon skeletons
  A slime creature (Slime:6)
  An orange demon (Tomb:2)
  10 yaktaurs (Hell)
  2 tormentors
  An ugly thing (Vault:2)
  A mermaid (shapeshifter) (Hell)
  13 iron devils
  A smoke demon (Zot:5)
  A raven zombie (Coc:5)
  A komodo dragon (Zot:5)
  5 bog mummies
  2 brown oozes (Slime:6)
  A baby alligator skeleton (Coc:7)
  A vampire (Tomb:1)
  9 blue devils
  3 bumblebees (Hell)
  2 neqoxecs
  11 metal gargoyles
  3 hairy devils
  A lindwurm zombie (Tomb:1)
  9 wraiths
  3 ynoxinuls
  5 molten gargoyles (Geh:7)
  A shadow demon (Hell)
  A water elemental (Coc:7)
  A clay golem (Dis:1)
  A manticore (shapeshifter) (Vault:8)
  A hog skeleton (Geh:7)
  A fire drake zombie (Geh:7)
  A merfolk (shapeshifter) (Hell)
  2 necrophages
  An orange crystal statue (Vault:2)
  11 hell hounds
  2 orc warriors (Orc:4)
  10 freezing wraiths
  4 insubstantial wisps (D:25)
  A bumblebee zombie (Hell)
  A queen bee zombie (Dis:1)
  2 ogres
  9 red devils
  2 phantoms
  2 rotting devils
  3 ice beasts
  A lava worm (Geh:7)
  A boulder beetle (D:25)
  15 killer bees
  A demigod zombie (Dis:7)
  A fire bat (Abyss)
  2 lava fish
  2 jellyfish (Hell)
  An ogre zombie (Crypt:1)
  A big kobold zombie (Dis:5)
  26 wights
  A mottled dragon zombie (Dis:7)
  6 orc priests
  11 imps
  11 shadows
  A dwarf skeleton (Geh:7)
  17 iron imps
  A hound skeleton (Crypt:1)
  2 orange rats
  A brain worm simulacrum (Dis:1)
  A naga skeleton (Tomb:2)
  An orange rat skeleton (Coc:3)
  A big fish zombie (Coc:7)
  A crocodile simulacrum (Tomb:3)
  2 big fish skeletons
  An orc zombie (Orc:4)
  A boggart (Hell)
  A jelly (Slime:6)
  73 mummies
  62 flying skulls
  5 green rats
  2 lemures (Abyss)
  3 orc skeletons (Orc:4)
  A gnoll (D:11)
  3 midges (Abyss)
  A sheep skeleton (Dis:1)
  A worm (D:16)
  8 white imps
  29 ufetubi
  6 grey rats
  A bat skeleton (Tomb:1)
  A bat zombie (Coc:5)
  A green rat zombie (Dis:5)
  2 megabat zombies (Dis:7)
  4 orcs
  A hobgoblin (Orc:3)
  A megabat (shapeshifter) (Vault:8)
  A small snake (D:5)
  An ant larva zombie (Dis:5)
  A giant newt skeleton (Tomb:2)
  A grey rat skeleton (Coc:6)
  A grey rat zombie (D:8)
  A jackal skeleton (Tomb:2)
  A killer bee larva (Hive:2)
  A killer bee larva zombie (Dis:7)
  10 rats
  2 rat zombies (D:8)
  A plant (Hive:2)
  9 toadstools
843 creatures vanquished.

Vanquished Creatures (others)
  A golden dragon (Zot:5)
  A quicksilver dragon (Zot:5)
  A storm dragon (Zot:5)
  4 eldritch tentacles
  2 ettins (Hell)
  A Blue Death (Tomb:1)
  4 dragon skeletons
  A great orb of eyes (Vault:2)
  2 mummy priests
  6 yaktaur captains
  3 ice dragons (Zot:5)
  An ogre mage (Vault:2)
  A storm dragon skeleton (Zot:2)
  A golden dragon skeleton (Zot:3)
  5 shadow dragon skeletons
  An iron dragon zombie (Dis:7)
  A stone giant zombie (Vault:2)
  A ball lightning (Coc:7)
  2 iron dragon skeletons
  A sphinx skeleton (Vault:2)
  5 deep trolls (Hell)
  12 stone giant skeletons
  An orc high priest (Vault:2)
  4 draconian skeletons
  2 ice devils
  4 frost giant skeletons
  2 skeletal warriors (Dis:7)
  2 centaur warriors
  A shadow wraith (Tomb:3)
  A flayed ghost (Tomb:1)
  An orc knight (Vault:2)
  A giant amoeba (Hell)
  An orc sorcerer (Vault:2)
  A green draconian skeleton (Zot:5)
  A pale draconian skeleton (Zot:5)
  6 iron troll skeletons
  2 purple draconian skeletons
  A grey draconian skeleton (Tomb:2)
  2 hellions
  2 black draconian skeletons
  A death drake zombie (Dis:5)
  6 trapdoor spider zombies
  An ice dragon zombie (Dis:1)
  2 phantasmal warriors
  A griffon zombie (Tomb:1)
  3 tormentors
  3 orange demons
  34 slime creatures
  A slime creature (shapeshifter) (Hell)
  9 yaktaurs
  2 rock trolls (Vault:2)
  9 ice dragon skeletons
  A hellwing (Geh:7)
  16 guardian mummies
  6 ugly things
  A redback (Vault:2)
  3 two-headed ogres (Vault:2)
  3 smoke demons
  2 trapdoor spider simulacra (Tomb:1)
  A baby alligator skeleton (Tomb:1)
  6 deep troll skeletons
  8 human skeletons
  A giant toad (shapeshifter) (Hell)
  A giant firefly (shapeshifter) (Vault:2)
  A wraith (Tomb:2)
  A blue devil (Dis:1)
  3 ynoxinuls
  A hairy devil (Coc:7)
  4 vampire mosquitoes (Vault:2)
  A water elemental (Hell)
  A deep elf summoner (Elf:5)
  A vampire (Tomb:1)
  2 yaktaur zombies (Vault:2)
  3 humans
  6 yaktaur skeletons
  4 necrophages
  3 freezing wraiths
  A red devil (Dis:1)
  2 small abominations
  A swamp drake (Swamp:5)
  An ice beast (Coc:7)
  4 ogres
  An orc warrior (Vault:2)
  9 centaurs
  A boulder beetle zombie (Tomb:1)
  A hippogriff skeleton (Tomb:1)
  A naga (Snake:2)
  A giant frog (Hell)
  A two-headed ogre skeleton (D:23)
  A water moccasin (D:11)
  A cyclops simulacrum (Tomb:1)
  6 wights
  An ogre zombie (Tomb:2)
  3 imps
  A crocodile skeleton (Tomb:1)
  5 shadows
  An iron imp (Dis:1)
  A deep elf soldier (Elf:1)
  192 fire vortices
  2 boggarts (Hell)
  31 mummies
  14 flying skulls
  2 green rats (Tomb:2)
  A lemure (Abyss)
  A sheep zombie (Tomb:2)
  A white imp (Coc:5)
  19 ufetubi
  96 grey rats
  3 orcs
  A hobgoblin (D:1)
  A jackal (Lair:5)
  75 quokkas
  An ant larva zombie (Crypt:2)
  A goblin skeleton (Tomb:2)
  2 grey rat zombies
  A jackal skeleton (Coc:2)
  6 killer bee larvae (Hive:2)
  68 megabats
  An orc skeleton (Geh:7)
  79 rats
  260 eldritch tentacle segments
  3 fungi
  6 plants
  130 toadstools
1285 creatures vanquished.

Grand Total: 6751 creatures vanquished

Notes
Turn   | Place    | Note
--------------------------------------------------------------
     0 | D:1      | Coolthulhu, the Demonspawn Venom Mage, began the quest for the Orb.
     0 | D:1      | Reached XP level 1. HP: 10/10 MP: 3/3
   370 | D:1      | Reached skill level 1 in Conjurations
   370 | D:1      | Gained mutation: You are partially covered in colourless scales (AC +1).
   370 | D:1      | Reached XP level 2. HP: 15/15 MP: 2/4
  1727 | D:2      | Reached XP level 3. HP: 21/21 MP: 4/6
  1761 | D:2      | Learned a level 3 spell: Mephitic Cloud
  2170 | D:3      | Noticed ChickenWing's ghost (average DSNe)
  2373 | D:3      | Defeated ChickenWing's ghost
  2373 | D:3      | Gained mutation: You have sharp toenails.
  2373 | D:3      | Reached XP level 4. HP: 11/26 MP: 7/8
  3100 | D:4      | Gained mutation: You are slightly more attuned to the shadows.
  3100 | D:4      | Reached XP level 5. HP: 32/32 MP: 7/9
  3425 | D:4      | Reached skill level 1 in Short Blades
  3792 | D:4      | Noticed Edmund
  3812 | D:4      | Defeated Edmund
  3812 | D:4      | Reached XP level 6. HP: 37/37 MP: 3/12
  3920 | D:5      | Entered Level 5 of the Dungeon
  4022 | D:5      | Reached skill level 1 in Stabbing
  4079 | D:5      | Noticed lerugray's ghost (experienced KoAs)
  4154 | D:5      | Found a shattered altar of Ashenzari.
  4380 | D:5      | Reached skill level 5 in Conjurations
  4605 | D:5      | Reached skill level 1 in Fighting
  4678 | D:5      | Found a radiant altar of Vehumet.
  4701 | D:5      | Became a worshipper of Vehumet
  5105 | D:6      | Reached XP level 7. HP: 40/44 MP: 6/14
  5418 | D:6      | Reached skill level 5 in Poison Magic
  5605 | D:6      | Found a deep blue altar of Sif Muna.
  6182 | D:6      | Acquired Vehumet's first power
  6185 | D:6      | Reached skill level 6 in Conjurations
  6312 | D:6      | Found an ancient bone altar of Kikubaaqudgha.
  6357 | D:6      | Got a pitted sling
  6413 | D:7      | Found a staircase to the Ecumenical Temple.
  6486 | Temple   | Entered the Ecumenical Temple
  6513 | Temple   | Gained mutation: You are agile (Dex +1).
  6638 | D:7      | Gained mutation: You are mostly covered in molten scales (AC +2, EV -1).
  6638 | D:7      | Reached XP level 8. HP: 22/51 MP: 9/16
  6659 | D:7      | Reached skill level 1 in Air Magic
  6893 | D:7      | Learned a level 5 spell: Venom Bolt
  7237 | D:7      | Found a sparkling altar of Nemelex Xobeh.
  7491 | D:7      | Reached skill level 7 in Conjurations
  7747 | D:7      | Found a staircase to the Orcish Mines.
  8506 | D:8      | Acquired Vehumet's second power
  8533 | D:8      | Gained mutation: You are significantly more attuned to the shadows.
  8533 | D:8      | Reached XP level 9. HP: 31/59 MP: 19/19
  8699 | D:8      | Found a radiant altar of Vehumet.
  8926 | D:8      | Noticed Duvessa
  8929 | D:8      | Noticed Dowan
  8995 | D:8      | Defeated Dowan
  9004 | D:8      | Defeated Duvessa
  9384 | D:8      | Acquired Vehumet's third power
  9384 | D:8      | Reached skill level 8 in Poison Magic
  9511 | D:9      | Noticed Joseph
  9535 | D:9      | Defeated Joseph
  9572 | D:9      | Found a basalt altar of Yredelemnul.
  9873 | D:9      | Reached skill level 1 in Traps & Doors
 10210 | D:10     | Entered Level 10 of the Dungeon
 10242 | D:9      | Identified a +1 rod of destruction [inacc,magma,cold] (12/12) (You found it on level 9 of the Dungeon)
 10467 | D:10     | Reached skill level 5 in Spellcasting
 10508 | D:10     | Noticed Grum
 10513 | D:10     | Gained mutation: You are completely attuned to the shadows.
 10513 | D:10     | Reached XP level 10. HP: 59/67 MP: 10/21
 10515 | D:10     | Defeated Grum
 10854 | D:10     | Reached skill level 9 in Poison Magic
 10912 | D:10     | Reached skill level 1 in Evocations
 11471 | D:11     | Acquired Vehumet's fourth power
 11970 | D:11     | Reached skill level 5 in Fighting
 12081 | D:11     | Gained mutation: Your muscles are strong (Str +1).
 12448 | D:11     | Got a yellowed book
 12449 | D:11     | Identified the Volume of Earthen Changing (You found it on level 11 of the Dungeon)
 12453 | D:11     | Learned a level 3 spell: Stone Arrow
 12539 | D:11     | Found a staircase to the Lair.
 12592 | Lair:1   | Entered Level 1 of the Lair of Beasts
 12608 | Lair:1   | Noticed Jozef
 12703 | Lair:1   | Defeated Jozef
 12880 | Lair:1   | Reached XP level 11. HP: 70/76 MP: 8/23
 13495 | Lair:1   | Reached skill level 1 in Earth Magic
 13506 | Lair:1   | Learned a level 1 spell: Sandblast
 13922 | Lair:2   | Reached skill level 10 in Conjurations
 14159 | Lair:2   | Found a staircase to the Swamp.
 14313 | Lair:2   | Learned a level 3 spell: Regeneration
 14315 | Lair:2   | Learned a level 1 spell: Fulsome Distillation
 14371 | Lair:2   | Reached skill level 1 in Armour
 14819 | Lair:3   | Paralysed by you for 2 turns
 14876 | Lair:3   | Noticed Erica
 14883 | Lair:3   | Defeated Erica
 14924 | Lair:3   | Reached skill level 5 in Stabbing
 15194 | Lair:3   | Noticed kaikaun's ghost (powerful DDEE)
 15402 | Lair:3   | Reached skill level 5 in Short Blades
 15522 | Lair:4   | Reached skill level 11 in Conjurations
 16121 | Lair:4   | Gained mutation: You are frail (-10% HP).
 16121 | Lair:4   | Gained mutation: You are agile (Dex +2).
 16121 | Lair:4   | Gained mutation: Armour fits poorly on your unusually shaped body.
 16127 | Lair:4   | Noticed Liquorice's ghost (powerful DSGl)
 17022 | Lair:4   | Found a staircase to the Snake Pit.
 18187 | D:12     | Reached XP level 12. HP: 66/75 MP: 14/27
 18277 | D:12     | Reached skill level 1 in Necromancy
 18281 | D:12     | Reached skill level 1 in Transmutations
 18283 | D:12     | Gained mutation: You are resistant to electric shocks.
 18283 | D:12     | Lost mutation: You are frail (-10% HP).
 18511 | D:12     | Reached skill level 12 in Conjurations
 18593 | D:13     | Found a shimmering altar of Xom.
 18593 | D:13     | Found a shimmering altar of Xom.
 18607 | D:13     | Noticed Urug
 18613 | D:13     | Defeated Urug
 18900 | D:13     | Found a staircase to the Hive.
 18945 | D:13     | Noticed Erolcha
 18948 | D:13     | Defeated Erolcha
 18953 | D:13     | Noticed a queen bee
 18964 | D:13     | Defeated a queen bee
 19187 | D:13     | Learned a level 4 spell: Sticky Flame
 19194 | D:13     | Learned a level 6 spell: Fireball
 19441 | Hive:1   | Entered Level 1 of the Hive
 19534 | Hive:1   | Received a gift from Vehumet
 19590 | Hive:2   | Entered Level 2 of the Hive
 19705 | Hive:1   | Reached skill level 1 in Fire Magic
 19725 | Hive:1   | Reached skill level 1 in Staves
 19840 | Hive:2   | Reached skill level 5 in Stealth
 20906 | Hive:2   | Reached skill level 5 in Dodging
 21185 | Hive:2   | Reached skill level 13 in Conjurations
 21191 | Hive:2   | Received a gift from Vehumet
 21512 | D:13     | You fall through a shaft!
 21512 | D:15     | Entered Level 15 of the Dungeon
 21623 | D:15     | Found Qaaphal's Antique Weapon Emporium.
 21739 | D:15     | Reached skill level 10 in Poison Magic
 22065 | D:14     | Noticed a guardian serpent
 22565 | D:14     | You fall through a shaft!
 22845 | D:15     | Reached skill level 5 in Earth Magic
 22949 | D:13     | Reached XP level 13. HP: 69/89 MP: 10/28
 24036 | D:14     | Defeated a guardian serpent
 24832 | D:15     | Reached skill level 14 in Conjurations
 25108 | D:16     | Noticed Miritol's ghost (mighty KoAK)
 25512 | Swamp:1  | Entered Level 1 of the Swamp
 25524 | Swamp:1  | Noticed Aizul
 26343 | Lair:5   | Found a labyrinth entrance.
 26349 | Lab      | Entered a Labyrinth
 27389 | Lair:5   | Received a gift from Vehumet
 27398 | Lair:5   | Learned a level 2 spell: Sublimation of Blood
 27416 | Lair:5   | Identified a +0 rod of destruction [fire] (12/12) (You found it on level 5 of the Lair of Beasts)
 28063 | Lair:6   | Found a bloodstained altar of Trog.
 29288 | Lair:7   | Found a staircase to the Slime Pits.
 29332 | Lair:7   | Reached skill level 10 in Spellcasting
 29566 | Lair:7   | Gained mutation: You are completely covered in molten scales (AC +3, EV -1, rF+).
 29566 | Lair:7   | Reached XP level 14. HP: 94/94 MP: 30/30
 29790 | Lair:7   | Found a frozen archway.
 29796 | IceCv    | Entered an ice cave
 29920 | IceCv    | Reached skill level 1 in Charms
 30296 | IceCv    | Gained mutation: Your muscles are strong (Str +2).
 30297 | IceCv    | Gained mutation: Your muscles are strong (Str +3).
 30557 | Lair:8   | Entered Level 8 of the Lair of Beasts
 31221 | Lair:8   | Reached skill level 5 in Necromancy
 31298 | Lair:8   | Received a gift from Vehumet
 31302 | Lair:8   | Learned a level 1 spell: Summon Small Mammals
 31915 | Snake:1  | Entered Level 1 of the Snake Pit
 31917 | Snake:1  | Found Straninea's Assorted Antiques.
 31998 | Snake:1  | Noticed Louise
 32542 | Snake:1  | Gained mutation: You are resistant to hostile enchantments.
 32542 | Snake:1  | Reached XP level 15. HP: 100/100 MP: 33/33
 32543 | Snake:1  | Gained mutation: You are robust (+10% HP).
 32543 | Snake:1  | Reached XP level 16. HP: 115/115 MP: 34/34
 32589 | Snake:1  | Noticed Agnes
 32593 | Snake:1  | Reached skill level 5 in Fire Magic
 32611 | Snake:1  | Defeated Agnes
 32725 | Snake:1  | Defeated Louise
 32880 | Snake:1  | Noticed Snorg
 32891 | Snake:1  | Defeated Snorg
 33367 | Snake:2  | Reached XP level 17. HP: 121/121 MP: 32/35
 33374 | Snake:2  | Reached skill level 10 in Earth Magic
 33691 | Snake:2  | Found Thuqul's General Store.
 33841 | Snake:2  | Noticed Donald
 33850 | Snake:2  | Defeated Donald
 33910 | Snake:2  | Found Vusauha's Food Boutique.
 33994 | Snake:2  | Noticed Nikola
 34008 | Snake:2  | Defeated Nikola
 34071 | Snake:2  | Reached skill level 1 in Summonings
 34103 | Snake:2  | Found Groan's Jewellery Shop.
 34683 | Hive:2   | Learned a level 5 spell: Ignite Poison
 34690 | Hive:2   | Learned a level 6 spell: Iron Shot
 36072 | Snake:5  | Entered Level 5 of the Snake Pit
 38959 | Snake:5  | Got a serpentine rune of Zot
 39087 | Snake:5  | Received a gift from Vehumet
 39093 | Snake:5  | Learned a level 3 spell: Abjuration
 40452 | Orc:1    | Entered Level 1 of the Orcish Mines
 40617 | Orc:1    | Found a roughly hewn altar of Beogh.
 41123 | Orc:2    | Gained mutation: You are highly resistant to hostile enchantments.
 41123 | Orc:2    | Reached XP level 18. HP: 110/126 MP: 37/37
 41568 | Orc:3    | Noticed ryw's ghost (powerful HECr)
 41573 | Orc:3    | Defeated ryw's ghost
 41705 | Orc:4    | Entered Level 4 of the Orcish Mines
 42100 | Orc:3    | Found a roughly hewn altar of Beogh.
 42276 | Orc:3    | Found Ippat's General Store.
 42276 | Orc:3    | Found Cozoz's Weapon Shoppe.
 42296 | Orc:3    | Found Umin's General Store.
 42425 | Orc:2    | Received a gift from Vehumet
 42741 | Orc:4    | Noticed Psyche
 42751 | Orc:4    | Defeated Psyche
 42870 | Orc:4    | Noticed an orc high priest
 42872 | Orc:4    | Noticed an orc high priest
 42873 | Orc:4    | Noticed an orc high priest
 43206 | Orc:4    | Defeated an orc high priest
 43479 | D:7      | Found a glowing golden altar of the Shining One.
 43993 | Orc:4    | Defeated an orc high priest
 44160 | Orc:4    | Noticed an orc high priest
 44213 | Orc:4    | Defeated an orc high priest
 44362 | Orc:4    | Noticed an orc high priest
 44364 | Orc:4    | Defeated an orc high priest
 44370 | Orc:4    | Found Ufunt's Weapon Shoppe.
 44371 | Orc:4    | Found Klubb's Assorted Antiques.
 44371 | Orc:4    | Found Ahamom's Weapon Shoppe.
 44373 | Orc:4    | Found Foceu's Book Shoppe.
 44377 | Orc:4    | Bought a scroll labeled CIMYID PAWI for 27 gold pieces
 44384 | Orc:4    | Bought a brass ring for 135 gold pieces
 44397 | Orc:4    | Defeated an orc high priest
 44636 | Orc:4    | Found a staircase to the Elven Halls.
 45130 | Swamp:1  | Defeated Aizul
 45644 | Swamp:1  | Identified a scroll of acquirement
 45645 | Swamp:1  | Got a pair of faintly glowing boots
 45649 | Swamp:1  | Identified the +0 pair of boots of the Lonely Demons (You acquired it on level 1 of the Swamp)
 45674 | Swamp:1  | Noticed Nergalle
 45678 | Swamp:1  | Defeated Nergalle
 46030 | Swamp:1  | Got an ancient plate mail
 47848 | Swamp:2  | Noticed Harold
 47851 | Swamp:2  | Defeated Harold
 47938 | Swamp:2  | Found a burning altar of Makhleb.
 48589 | Swamp:3  | Noticed Maud
 48600 | Swamp:3  | Defeated Maud
 49273 | Swamp:3  | Noticed Josephine
 49279 | Swamp:3  | Defeated Josephine
 49281 | Swamp:3  | Noticed Sonja
 49288 | Swamp:3  | Defeated Sonja
 50662 | D:17     | Noticed Nessos
 50667 | D:17     | Defeated Nessos
 50672 | D:17     | Noticed Wiglaf
 50987 | Elf:1    | Entered Level 1 of the Elven Halls
 52409 | Elf:2    | Found Pidax's Book Boutique.
 52525 | Elf:2    | Found Tebaicemp's Distillery.
 52547 | Elf:2    | Found Qahaumam's General Store.
 53028 | Elf:4    | Found Klurut's Armour Boutique.
 55554 | D:16     | Gained mutation: You have razor-sharp toenails.
 55554 | D:16     | Reached XP level 19. HP: 72/129 MP: 21/37
 56048 | D:16     | Reached skill level 15 in Spellcasting
 56271 | D:16     | Defeated Miritol's ghost
 56349 | D:17     | Noticed Kirke
 56460 | D:17     | Defeated Kirke
 56492 | D:17     | Defeated Wiglaf
 56791 | D:17     | Found a blossoming altar of Fedhas.
 57238 | Hive:2   | Learned a level 5 spell: Poisonous Cloud
 57485 | Elf:5    | Entered Level 5 of the Elven Halls
 57594 | Elf:5    | Noticed a deep elf blademaster
 57599 | Elf:5    | Defeated a deep elf blademaster
 57672 | Elf:5    | Noticed a deep elf master archer
 57900 | Elf:5    | Noticed a deep elf blademaster
 57909 | Elf:5    | Defeated a deep elf blademaster
 58163 | Elf:5    | Noticed a deep elf master archer
 58262 | Elf:5    | Noticed a deep elf master archer
 58397 | Elf:5    | Defeated a deep elf master archer
 58616 | Elf:5    | Defeated a deep elf master archer
 58942 | Elf:5    | Got a steaming glaive
 58942 | Elf:5    | Got a smoking chain mail
 58960 | Elf:4    | Identified the +2 chain mail of Toqarphepn (You took it off a deep elf demonologist on level 5 of the Elven Halls)
 59030 | Elf:5    | Got a great steel mace
 59063 | Elf:5    | Identified the glaive "Yneum" {venom, +Blink rElec rC+} (You took it off a deep elf demonologist on level 5 of the Elven Halls)
 59169 | Elf:5    | Defeated a deep elf master archer
 59231 | Elf:5    | Noticed a deep elf master archer
 59244 | Elf:5    | Defeated a deep elf master archer
 59340 | Elf:5    | Got a brightly glowing spear
 59341 | Elf:5    | Identified the spear "Xiwnod" {pierce, Str+3 Dex+3} (You took it off a deep elf sorcerer on level 5 of the Elven Halls)
 59515 | Elf:5    | Got a sparkling ivory ring
 59526 | Elf:5    | Identified the ring of Phoma {Str+1 Int+3} (You found it on level 5 of the Elven Halls)
 59563 | Elf:5    | Got a brightly glowing mace
 59563 | Elf:5    | Got a brightly glowing robe
 59648 | Elf:5    | Identified the +4 robe "Lazxilo" (You took it off a deep elf soldier on level 5 of the Elven Halls)
 59815 | Elf:5    | Got a warped cloak
 59819 | Elf:5    | Identified the +0 cloak of the Stars (You found it on level 5 of the Elven Halls)
 61121 | D:18     | Got a pair of faintly glowing boots
 61125 | D:18     | Identified the +1 pair of boots of the Jolly Spirits (You found it on level 18 of the Dungeon)
 61203 | D:18     | Reached skill level 10 in Fire Magic
 61469 | D:18     | Reached XP level 20. HP: 121/136 MP: 26/39
 61580 | D:18     | Got a fine long sword
 61581 | D:18     | Identified the long sword "Schisapol" {slay orc, Int+4} (You found it on level 18 of the Dungeon)
 62735 | D:19     | Found a staircase to the Vaults.
 62749 | D:19     | Reached skill level 16 in Spellcasting
 63110 | D:19     | Reached skill level 1 in Long Blades
 63191 | D:20     | Entered Level 20 of the Dungeon
 63571 | D:20     | Reached skill level 5 in Transmutations
 63731 | D:20     | Noticed Xtahua
 63819 | D:20     | Identified a +2 cloak of preservation (You found it on level 20 of the Dungeon)
 64151 | D:20     | Reached skill level 10 in Necromancy
 64521 | D:20     | Noticed Mara
 64572 | Vault:1  | Entered Level 1 of the Vaults
 64700 | Vault:1  | Learned a level 2 spell: Blink
 65221 | Vault:1  | Found a flickering gateway to a bazaar. 65233
                  | bazaar
                  | Entered a bazaar 65233
                  | bazaar
                  | Found Wuteleng's Food Emporium. 65233
                  | bazaar
                  | Found Psutid's Distillery. 65235
                  | bazaar
                  | Found Xoph's Magic Scroll Shop. 65237
                  | bazaar
                  | Found Ykhleh's Armour Boutique. 65249
                  | bazaar
                  | Found Klaumau's Antique Weapon Shoppe. 65272
                  | bazaar
                  | Bought a warped long sword for 256 gold pieces 65287
                  | bazaar
                  | Bought a scroll of acquirement for 520 gold pieces 65296
                  | bazaar
                  | Identified the cursed long sword of the Turnip {antimagic, rF++ rC++} (You bought it in a shop in a bazaar) 65301
                  | bazaar
                  | Bought the +2 pair of boots of the Assassin {+Inv Dex+3 Stlth++} for 432 gold pieces
 65563 | Vault:1  | You fall through a shaft!
 66419 | Vault:2  | Noticed Mennas
 66886 | Slime:1  | Entered Level 1 of the Pits of Slime
 66908 | Slime:1  | You fall through a shaft!
 67941 | Slime:2  | Reached skill level 10 in Dodging
 68216 | Slime:3  | Gained mutation: You are very robust (+20% HP).
 68216 | Slime:3  | Reached XP level 21. HP: 107/154 MP: 22/40
 69476 | Slime:6  | Entered Level 6 of the Pits of Slime
 69482 | Slime:6  | Noticed tragedy's ghost (great HaWn)
 70183 | Slime:6  | Defeated tragedy's ghost
 70194 | Slime:5  | Reached skill level 5 in Long Blades
 70346 | Slime:6  | Noticed the royal jelly
 70724 | Lair:4   | Defeated Liquorice's ghost
 71081 | Orc:4    | Bought a book of Wizardry for 540 gold pieces
 71787 | Swamp:4  | Reached skill level 17 in Spellcasting
 72145 | Swamp:4  | Got a twitching silver ring
 72146 | Swamp:4  | Identified the ring of Larutap (You found it on level 4 of the Swamp)
 72971 | Swamp:5  | Entered Level 5 of the Swamp
 73527 | Swamp:5  | Got a decaying rune of Zot
 74961 | D:20     | Defeated Xtahua
 74961 | D:20     | Gained mutation: You are extremely resistant to the effects of hostile enchantments.
 74961 | D:20     | Reached XP level 22. HP: 135/158 MP: 28/41
 76885 | D:21     | Found a gateway to Hell.
 78681 | D:22     | Found Moysoank's Food Shop.
 79180 | D:23     | Found a one-way gate leading to the halls of Pandemonium.
 79444 | D:23     | Found a one-way gate to the infinite horrors of the Abyss.
 79588 | D:23     | A swamp dragon changed into a shining eye
 79593 | D:23     | Defeated a shining eye
 80841 | D:24     | Noticed a deep elf mage
 80889 | D:24     | Defeated a deep elf mage
 80892 | D:24     | Noticed a deep elf priest
 80892 | D:24     | Defeated a deep elf priest
 80920 | D:24     | Reached skill level 5 in Charms
 81032 | D:24     | Reached skill level 18 in Spellcasting
 81260 | D:24     | Found a viscous altar of Jiyva.
 82531 | Hive:2   | Learned a level 6 spell: Haste
 82719 | D:25     | Entered Level 25 of the Dungeon
 83000 | D:25     | Found a flickering gateway to a bazaar. 83006
                  | bazaar
                  | Entered a bazaar 83020
                  | bazaar
                  | Found Limyxoud's General Store. 83035
                  | bazaar
                  | Found Obiz's General Store. 83035
                  | bazaar
                  | Found Pheudghao's Antique Armour Emporium. 83056
                  | bazaar
                  | Found Soev's Distillery. 83060
                  | bazaar
                  | Bought a potion of slowing for 1 gold piece 83060
                  | bazaar
                  | Bought a potion of cure mutation for 135 gold pieces 83073
                  | bazaar
                  | Found Qorin's Armour Shoppe. 83073
                  | bazaar
                  | Found Hyanikh's Food Emporium. 83117
                  | bazaar
                  | Bought a +0 pair of gauntlets of dexterity for 48 gold pieces 83117
                  | bazaar
                  | Bought a +2 robe of resistance for 169 gold pieces 83147
                  | bazaar
                  | Bought a potion of cure mutation for 285 gold pieces
 83708 | D:25     | Reached XP level 23. HP: 147/164 MP: 38/43
 84397 | D:25     | Identified a +2 elven cloak of preservation (You found it on level 25 of the Dungeon)
 84609 | D:26     | Noticed a trident
 84616 | D:26     | Defeated a trident
 85386 | D:26     | Found a shimmering altar of Xom.
 85666 | D:26     | Noticed Saint Roka
 85670 | D:26     | Defeated Saint Roka
 85993 | D:27     | Entered Level 27 of the Dungeon
 86361 | D:27     | Found a bloodstained altar of Trog.
 86707 | D:27     | Found Waucicku's Jewellery Shop.
 86831 | D:27     | Reached skill level 19 in Spellcasting
 87896 | Hive:2   | Learned a level 8 spell: Lehudib's Crystal Spear
 88069 | Hell     | Entered the Vestibule of Hell
 88069 | Hell     | Noticed a deep elf death mage
 88720 | Vault:3  | Gained mutation: You are extremely robust (+30% HP).
 88720 | Vault:3  | Reached XP level 24. HP: 182/182 MP: 18/44
 88728 | Vault:3  | Noticed Frederick
 89549 | Vault:3  | Found a staircase to the Crypt.
 89606 | Vault:4  | Noticed a deep elf mage
 89608 | Vault:4  | Defeated a deep elf mage
 89609 | Vault:4  | Noticed a deep elf priest
 89610 | Vault:4  | Defeated a deep elf priest
 89612 | Vault:4  | Noticed a deep elf priest
 89612 | Vault:4  | Defeated a deep elf priest
 89941 | Vault:4  | Reached skill level 15 in Conjurations
 89985 | Vault:4  | Noticed an orc warlord
 89994 | Vault:4  | Defeated an orc warlord
 90640 | Vault:5  | Noticed a deep elf conjurer
 90640 | Vault:5  | Defeated a deep elf conjurer
 91741 | Vault:6  | Found a staircase to the Hall of Blades.
 92305 | Vault:6  | Reached skill level 20 in Spellcasting
 92598 | Vault:7  | Found Ivafa's Armour Boutique.
 92606 | Vault:7  | Found a flickering gateway to a bazaar. 92717
                  | bazaar
                  | Entered a bazaar 92717
                  | bazaar
                  | Found Kemiubba's Weapon Emporium. 92717
                  | bazaar
                  | Found Zanko's Book Emporium. 92720
                  | bazaar
                  | Found Palock's Antique Weapon Shoppe. 92721
                  | bazaar
                  | Found Cuoluwia's Antique Weapon Shoppe. 92740
                  | bazaar
                  | Bought a book of Necromancy for 270 gold pieces 92747
                  | bazaar
                  | Learned a level 4 spell: Dispel Undead
 92779 | Vault:7  | Reached skill level 1 in Translocations
 93008 | Vault:7  | Found Wazap's Magic Scroll Shoppe.
 93280 | Vault:7  | Found Etaepac's Magical Wand Shoppe.
 93372 | Vault:7  | Got a slimy plate mail
 93387 | Vault:7  | Identified the +0 plate mail "Ystyheni" (You found it on level 7 of the Vaults)
 93532 | Vault:8  | Entered Level 8 of the Vaults
 93740 | Vault:8  | Noticed a guardian serpent
 93756 | Vault:7  | Reached XP level 25. HP: 133/188 MP: 27/45
 93950 | Vault:7  | Learned a level 1 spell: Animate Skeleton
 94055 | Vault:8  | Defeated a guardian serpent
 94363 | Vault:8  | Found Klounayt's Distillery.
 94417 | Vault:8  | Noticed a guardian serpent
 94417 | Vault:8  | Defeated a guardian serpent
 94506 | Vault:8  | Found Zuontoyc's Food Shop.
 94519 | Vault:8  | Noticed a deep elf demonologist
 94522 | Vault:8  | Defeated a deep elf demonologist
 94522 | Vault:8  | Gained mutation: You digest meat inefficiently.
 94550 | Vault:8  | Noticed a bone dragon
 94556 | Vault:8  | Defeated a bone dragon
 94575 | Vault:8  | Found Nula's Food Emporium.
 94575 | Vault:8  | Found Cutanal's Magic Scroll Boutique.
 94585 | Vault:8  | Found Yhaun's Distillery.
 94585 | Vault:8  | Found Psoha's Food Emporium.
 94638 | Vault:8  | Noticed an iron dragon
 94647 | Vault:8  | Defeated an iron dragon
 94668 | Vault:8  | Found Neicsos' Food Shoppe.
 94668 | Vault:8  | Found Miarur's Food Shop.
 94904 | Vault:8  | Got a black ring
 94905 | Vault:8  | Identified the ring of Shadows (You found it on level 8 of the Vaults)
 94945 | Vault:8  | Noticed a quicksilver dragon
 94951 | Vault:8  | Defeated a quicksilver dragon
 95236 | Vault:8  | Reached skill level 10 in Charms
 95305 | Vault:8  | Got an ancient short sword
 95306 | Vault:8  | Identified the short sword of Night {drain, +Inv rPois SInv} (You found it on level 8 of the Vaults)
 95329 | Vault:8  | Got a silver rune of Zot
 95425 | Vault:8  | Reached skill level 21 in Spellcasting
 95480 | Vault:8  | Noticed a deep elf annihilator
 95482 | Vault:8  | Defeated a deep elf annihilator
 95693 | Vault:8  | Got a steaming mace
 95695 | Vault:8  | Identified the cursed mace of Cenar {slay orc, rC- rN+ MR Str+3} (You found it on level 8 of the Vaults)
 96143 | Vault:8  | Got a yellowed book
 96144 | Vault:8  | Identified the Almanac of Good Luck (You found it on level 8 of the Vaults)
 96256 | Vault:8  | Got a vibrating pewter ring
 96257 | Vault:8  | Identified the ring "Udogosup" (You found it on level 8 of the Vaults)
 96867 | Crypt:1  | Entered Level 1 of the Crypt
 96921 | Crypt:1  | Reached XP level 26. HP: 192/192 MP: 11/46
 97857 | Crypt:2  | Noticed Khufu
 98889 | Crypt:2  | Defeated Khufu
 98890 | Crypt:2  | Reached skill level 5 in Summonings
 99001 | Crypt:3  | Noticed Boris
 99008 | Crypt:3  | Defeated Boris
 99360 | Crypt:3  | Gained mutation: Space occasionally distorts in your vicinity.
 99360 | Crypt:3  | Gained mutation: You occasionally shout uncontrollably.
 99626 | Hive:2   | Lost mutation: You are agile (Dex +2).
 99626 | Hive:2   | Gained mutation: Your muscles are flexible, but weak (Str -1, Dex +1).
 99627 | Hive:2   | Gained mutation: You are somewhat resistant to further mutation.
 99627 | Hive:2   | Lost mutation: You are somewhat resistant to further mutation.
 99630 | Hive:2   | Gained mutation: You have a fast metabolism.
 99631 | Hive:2   | Lost mutation: You are agile (Dex +1).
 99632 | Hive:2   | Gained mutation: Your system is resistant to poisons.
 99633 | Hive:2   | Gained mutation: Your magical capacity is low (-10% MP).
 99633 | Hive:2   | Gained mutation: You are agile (Dex +1).
 99634 | Hive:2   | Lost mutation: Armour fits poorly on your unusually shaped body.
 99634 | Hive:2   | Gained mutation: You are agile (Dex +2).
 99635 | Hive:2   | Gained mutation: You can spit poison.
 99635 | Hive:2   | Gained mutation: You have a very fast metabolism.
 99636 | Hive:2   | Lost mutation: You can spit poison.
 99637 | Hive:2   | Gained mutation: You digest meat very inefficiently.
 99638 | Hive:2   | Lost mutation: Your muscles are flexible, but weak (Str -1, Dex +1).
 99638 | Hive:2   | Gained mutation: Your flesh is heat resistant.
 99639 | Hive:2   | Lost mutation: You are agile (Dex +2).
 99640 | Hive:2   | Lost mutation: You are agile (Dex +1).
 99640 | Hive:2   | Lost mutation: You digest meat very inefficiently.
 99642 | Hive:2   | Lost mutation: You digest meat inefficiently.
 99642 | Hive:2   | Lost mutation: Your magical capacity is low (-10% MP).
 99642 | Hive:2   | Gained mutation: Your body is slowly deteriorating.
 99643 | Hive:2   | Lost mutation: You occasionally shout uncontrollably.
 99643 | Hive:2   | Lost mutation: Your body is slowly deteriorating.
 99644 | Hive:2   | Gained mutation: You occasionally shout uncontrollably.
 99644 | Hive:2   | Gained mutation: Your mind is acute (Int +1).
 99644 | Hive:2   | Gained mutation: You are agile (Dex +1).
 99645 | Hive:2   | Gained mutation: You possess an exceptional clarity of mind.
 99645 | Hive:2   | Lost mutation: You possess an exceptional clarity of mind.
 99649 | Hive:2   | Gained mutation: You possess an exceptional clarity of mind.
 99649 | Hive:2   | Lost mutation: Space occasionally distorts in your vicinity.
 99649 | Hive:2   | Gained mutation: Your metabolism is lightning-fast.
 99650 | Hive:2   | Lost mutation: Your metabolism is lightning-fast.
 99650 | Hive:2   | Lost mutation: You are agile (Dex +1).
 99650 | Hive:2   | Lost mutation: Your muscles are strong (Str +3).
 99651 | Hive:2   | Gained mutation: You are agile (Dex +1).
 99652 | Hive:2   | Lost mutation: Your flesh is heat resistant.
 99652 | Hive:2   | Gained mutation: Space occasionally distorts in your vicinity.
 99653 | Hive:2   | Lost mutation: You have a very fast metabolism.
 99654 | Hive:2   | Lost mutation: You are agile (Dex +1).
 99654 | Hive:2   | Lost mutation: You have a fast metabolism.
 99654 | Hive:2   | Lost mutation: Your mind is acute (Int +1).
 99655 | Hive:2   | Gained mutation: Your body is slowly deteriorating.
 99655 | Hive:2   | Lost mutation: Your system is resistant to poisons.
 99656 | Hive:2   | Lost mutation: Your body is slowly deteriorating.
 99656 | Hive:2   | Gained mutation: Your vision is a little blurry.
 99657 | Hive:2   | Lost mutation: Your muscles are strong (Str +2).
 99657 | Hive:2   | Gained mutation: Your muscles are strong (Str +2).
 99657 | Hive:2   | Gained mutation: Your muscles are flexible, but weak (Str -1, Dex +1).
 99658 | Hive:2   | Lost mutation: Your muscles are flexible, but weak (Str -1, Dex +1).
 99658 | Hive:2   | Gained mutation: Armour fits poorly on your unusually shaped body.
 99658 | Hive:2   | Lost mutation: You occasionally shout uncontrollably.
 99659 | Hive:2   | Gained mutation: Your muscles are strong, but stiff (Str +1, Dex -1).
 99659 | Hive:2   | Gained mutation: You tend to lose your temper in combat.
 99660 | Hive:2   | Gained mutation: You have a fast metabolism.
 99661 | Hive:2   | Gained mutation: Your flesh is heat resistant.
 99661 | Hive:2   | Gained mutation: Your vision is quite blurry.
 99662 | Hive:2   | Lost mutation: You have a fast metabolism.
 99662 | Hive:2   | Lost mutation: Your muscles are strong, but stiff (Str +1, Dex -1).
 99663 | Hive:2   | Gained mutation: You are dopey (Int -1).
 99665 | Hive:2   | Gained mutation: You have a pair of small horns on your head.
 99666 | Hive:2   | Gained mutation: Your muscles are strong (Str +3).
 99667 | Hive:2   | Gained mutation: You have a slow metabolism.
 99672 | Hive:2   | Lost mutation: Space occasionally distorts in your vicinity.
 99672 | Hive:2   | Lost mutation: Your muscles are strong (Str +3).
 99673 | Hive:2   | Lost mutation: Your muscles are strong (Str +2).
 99674 | Hive:2   | Lost mutation: Armour fits poorly on your unusually shaped body.
 99675 | Hive:2   | Gained mutation: You are clumsy (Dex -1).
 99676 | Hive:2   | Lost mutation: Your muscles are strong (Str +1).
 99676 | Hive:2   | Lost mutation: You are clumsy (Dex -1).
 99677 | Hive:2   | Gained mutation: You have an increased reservoir of magic (+10% MP).
 99679 | Hive:2   | Gained mutation: Your natural rate of healing is unusually fast.
 99681 | Hive:2   | Gained mutation: You are clumsy (Dex -1).
 99681 | Hive:2   | Lost mutation: You have a pair of small horns on your head.
 99682 | Hive:2   | Lost mutation: You are clumsy (Dex -1).
 99682 | Hive:2   | Gained mutation: You are clumsy (Dex -1).
 99683 | Hive:2   | Gained mutation: You are weak (Str -1).
 99684 | Hive:2   | Gained mutation: Your vision is extremely blurry.
 99685 | Hive:2   | Gained mutation: You can translocate small distances at will.
 99686 | Hive:2   | Lost mutation: Your natural rate of healing is unusually fast.
 99688 | Hive:2   | Lost mutation: You have a slow metabolism.
 99689 | Hive:2   | Lost mutation: You are weak (Str -1).
 99689 | Hive:2   | Gained mutation: You can control translocations.
 99690 | Hive:2   | Lost mutation: You possess an exceptional clarity of mind.
 99691 | Hive:2   | Gained mutation: You often lose your temper in combat.
 99696 | Hive:2   | Lost mutation: You are dopey (Int -1).
 99696 | Hive:2   | Lost mutation: You can translocate small distances at will.
 99697 | Hive:2   | Lost mutation: You often lose your temper in combat.
 99698 | Hive:2   | Gained mutation: You occasionally shout uncontrollably.
 99700 | Hive:2   | Gained mutation: You are dopey (Int -1).
 99701 | Hive:2   | Gained mutation: You can spit poison.
 99702 | Hive:2   | Gained mutation: You have a fast metabolism.
 99702 | Hive:2   | Lost mutation: You are clumsy (Dex -1).
 99703 | Hive:2   | Gained mutation: You are weak (Str -1).
 99703 | Hive:2   | Lost mutation: Your flesh is heat resistant.
 99704 | Hive:2   | Lost mutation: Your vision is extremely blurry.
 99704 | Hive:2   | Gained mutation: Your muscles are flexible, but weak (Str -1, Dex +1).
 99705 | Hive:2   | Gained mutation: You have claws for feet.
 99705 | Hive:2   | Lost mutation: Your muscles are flexible, but weak (Str -1, Dex +1).
 99706 | Hive:2   | Lost mutation: Your vision is quite blurry.
 99706 | Hive:2   | Lost mutation: Your vision is a little blurry.
 99708 | Hive:2   | Gained mutation: You digest meat inefficiently.
 99709 | Hive:2   | Gained mutation: You are dopey (Int -2).
 99710 | Hive:2   | Lost mutation: You can spit poison.
 99711 | Hive:2   | Lost mutation: You occasionally shout uncontrollably.
 99712 | Hive:2   | Lost mutation: You digest meat inefficiently.
 99713 | Hive:2   | Lost mutation: You have a fast metabolism.
 99713 | Hive:2   | Lost mutation: You have claws for feet.
 99713 | Hive:2   | Gained mutation: You are agile (Dex +1).
100172 | Vault:7  | Gained mutation: You are covered in fur (AC +1).
100172 | Vault:7  | Gained mutation: You have a slow metabolism.
100173 | Vault:7  | Lost mutation: You have a slow metabolism.
100173 | Vault:7  | Gained mutation: Your body is slowly deteriorating.
100173 | Vault:7  | Lost mutation: You are dopey (Int -2).
100174 | Vault:7  | Gained mutation: You can breathe flames.
100174 | Vault:7  | Lost mutation: You are weak (Str -1).
100175 | Vault:7  | Lost mutation: You are agile (Dex +1).
100175 | Vault:7  | Lost mutation: You are covered in fur (AC +1).
100176 | Vault:7  | Gained mutation: Space occasionally distorts in your vicinity.
100176 | Vault:7  | Gained mutation: Armour fits poorly on your unusually shaped body.
100176 | Vault:7  | Gained mutation: You cover ground slowly.
100177 | Vault:7  | Lost mutation: You tend to lose your temper in combat.
100177 | Vault:7  | Gained mutation: Your muscles are strong (Str +1).
100177 | Vault:7  | Gained mutation: You can spit poison.
100178 | Vault:7  | Lost mutation: Your muscles are strong (Str +1).
100178 | Vault:7  | Lost mutation: You can spit poison.
100179 | Vault:7  | Gained mutation: You are clumsy (Dex -1).
100179 | Vault:7  | Lost mutation: You are clumsy (Dex -1).
100180 | Vault:7  | Gained mutation: Your system is resistant to poisons.
100180 | Vault:7  | Gained mutation: You have a slow metabolism.
100181 | Vault:7  | Gained mutation: You are clumsy (Dex -1).
100182 | Vault:7  | Lost mutation: You cover ground slowly.
100183 | Vault:7  | Lost mutation: You have a slow metabolism.
100184 | Vault:7  | Lost mutation: You can breathe flames.
100184 | Vault:7  | Gained mutation: Armour fits poorly on your deformed body.
100185 | Vault:7  | Lost mutation: Your body is slowly deteriorating.
100185 | Vault:7  | Lost mutation: You can control translocations.
100185 | Vault:7  | Lost mutation: You are clumsy (Dex -1).
100186 | Vault:7  | Gained mutation: Your muscles are flexible, but weak (Str -1, Dex +1).
100187 | Vault:7  | Gained mutation: You are covered in fur (AC +1).
100188 | Vault:7  | Gained mutation: You are weak (Str -1).
100189 | Vault:7  | Lost mutation: You have an increased reservoir of magic (+10% MP).
100189 | Vault:7  | Lost mutation: Space occasionally distorts in your vicinity.
100189 | Vault:7  | Lost mutation: You are weak (Str -1).
102010 | Crypt:3  | Found a staircase to the Tomb.
102392 | Crypt:4  | Got a wavering silver amulet
102393 | Crypt:4  | Identified the amulet of Schygyss (You found it on level 4 of the Crypt)
103436 | Crypt:5  | Entered Level 5 of the Crypt
104647 | Crypt:5  | Reached skill level 5 in Traps & Doors
104654 | Crypt:5  | Noticed an ancient lich
104659 | Crypt:5  | Got a bloodstained dagger
104665 | Crypt:5  | Defeated an ancient lich
104667 | Crypt:5  | Noticed a lich
104671 | Crypt:5  | Defeated a lich
104754 | Crypt:5  | Reached skill level 22 in Spellcasting
104967 | Crypt:5  | Identified the cursed dagger "Kulaulug" {freeze, *Rage +Blink +Inv rPois} (You found it on level 5 of the Crypt)
105179 | Blade    | Entered the Hall of Blades
106076 | Blade    | Noticed Boris
106083 | Blade    | Defeated Boris
106083 | Blade    | Gained mutation: You have claws for feet.
106083 | Blade    | Reached XP level 27. HP: 197/197 MP: 36/47
106592 | Hive:2   | Learned a level 5 spell: Shadow Creatures
106867 | Vault:2  | Defeated Mennas
107425 | Vault:2  | Found Plecoz's Antique Weapon Boutique.
107950 | Hell     | Noticed Geryon
108382 | Hell     | Defeated a deep elf death mage
108400 | Hell     | Defeated Geryon
108749 | Hell     | Found a gateway to the decaying netherworld of Tartarus.
108773 | Hell     | A glowing shapeshifter changed into a pulsating lump
108780 | Hell     | A pulsating lump changed into a slime creature
108962 | Hell     | Reached skill level 15 in Earth Magic
108971 | Hell     | Found a gateway to the ashen valley of Gehenna.
109106 | Hell     | Found a gateway to the Iron City of Dis.
109211 | Hell     | Found a gateway to the freezing wastes of Cocytus.
109458 | Hive:2   | Learned a level 7 spell: Summon Greater Demon
109718 | Tomb:1   | Entered Level 1 of the Tomb of the Ancients
113688 | Slime:6  | Defeated the royal jelly
114175 | Slime:6  | Got a twitching platinum ring
114179 | Slime:6  | Got a sparkling iron ring
114213 | Slime:6  | Got a levitating book
114232 | Slime:6  | Identified a +5 rod of demonology (11/11) (You found it on level 6 of the Pits of Slime)
114236 | Slime:6  | Identified Easy Spellcraft (You found it on level 6 of the Pits of Slime)
114242 | Slime:6  | Got a jewelled dagger
114256 | Slime:6  | Identified the ring of Waps (You found it on level 6 of the Pits of Slime)
114256 | Slime:6  | Identified the ring "Meckof" (You found it on level 6 of the Pits of Slime)
114256 | Slime:6  | Identified the +4,+6 dagger of Cievos (You found it on level 6 of the Pits of Slime)
114259 | Slime:6  | Got a slimy rune of Zot
114276 | Slime:6  | Got a slimy sabre
114277 | Slime:6  | Identified the sabre of Chagrin {speed, Str+3} (You found it on level 6 of the Pits of Slime)
114282 | Slime:6  | Got a faintly glowing battleaxe
114283 | Slime:6  | Identified the battleaxe of Responsibility {chop, rPois MR Int-2} (You found it on level 6 of the Pits of Slime)
114304 | Slime:6  | Got a pair of jewelled gloves
114312 | Slime:6  | Got a crude bone amulet
114333 | Slime:6  | Identified the amulet of Clenak (You found it on level 6 of the Pits of Slime)
114337 | Slime:6  | Identified the +1 pair of gloves of Myxuetic (You found it on level 6 of the Pits of Slime)
114870 | Dis:1    | Entered Level 1 of the Iron City of Dis
116352 | Dis:1    | Noticed a Fiend
116716 | Dis:1    | Noticed a Fiend
116738 | Dis:1    | Noticed a Fiend
116875 | Dis:1    | Reached skill level 10 in Summonings
117621 | Dis:1    | Reached skill level 23 in Spellcasting
118304 | Dis:1    | Noticed a Fiend
118307 | Dis:1    | Defeated a Fiend
120000 | Dis:7    | Entered Level 7 of the Iron City of Dis
120701 | Dis:7    | Noticed an iron dragon
120729 | Dis:7    | Defeated an iron dragon
120740 | Dis:7    | Got an ancient mace
120753 | Dis:7    | Noticed an iron dragon
120756 | Dis:7    | Defeated an iron dragon
120830 | Dis:7    | Noticed a Fiend
120833 | Dis:7    | Defeated a Fiend
120872 | Dis:7    | Noticed a Fiend
120873 | Dis:7    | Defeated a Fiend
120874 | Dis:7    | Noticed an iron dragon
120896 | Dis:7    | Gained mutation: You tend to lose your temper in combat.
121132 | Hive:2   | Identified the mace "Wutyiss" {crush, rPois} (You found it on level 7 of the Iron City of Dis)
121472 | Dis:7    | Gained mutation: Armour fits poorly on your badly deformed body.
121512 | Dis:7    | Gained mutation: Your magical capacity is low (-10% MP).
121592 | Dis:7    | Gained mutation: You often lose your temper in combat.
121697 | Dis:7    | Noticed a Fiend
122761 | Dis:7    | Noticed a Fiend
122785 | Dis:7    | a Fiend (ally) was defeated
123105 | Dis:2    | Noticed a Fiend
123108 | Dis:2    | Defeated a Fiend
123213 | Dis:7    | Noticed Dispater
123385 | Dis:7    | Noticed a Fiend
123388 | Dis:7    | Defeated a Fiend
123587 | Dis:7    | Noticed a Fiend
123685 | Dis:7    | Defeated a Fiend
123725 | Dis:7    | Reached skill level 24 in Spellcasting
123736 | Dis:7    | Noticed a Fiend
124119 | Dis:7    | Defeated a Fiend
124166 | Dis:7    | Noticed a Fiend
124170 | Dis:7    | Defeated a Fiend
124893 | Dis:7    | Defeated an iron dragon
124914 | Dis:7    | Identified a +4 rod of destruction [lightning,iron,fireball] (9/9) (You took it off an iron devil on level 7 of the Iron City of Dis)
125043 | Dis:7    | Defeated Dispater
125049 | Dis:7    | Got a golden staff
125121 | Dis:7    | Gained mutation: Your body is slowly deteriorating.
125355 | Dis:7    | Got an iron rune of Zot
125360 | Dis:7    | Got an inconspicuous book
125363 | Dis:7    | Identified Sif Muna's Collected Works on the Volcanoes and the Entourage (You found it on level 7 of the Iron City of Dis)
125723 | Hive:2   | Identified the Staff of Dispater (You took it off Dispater on level 7 of the Iron City of Dis)
126016 | Coc:1    | Entered Level 1 of Cocytus
127583 | Coc:2    | You fall through a shaft!
128413 | Coc:7    | Entered Level 7 of Cocytus
128519 | Coc:7    | Reached skill level 25 in Spellcasting
130628 | Hive:2   | Learned a level 7 spell: Delayed Fireball
132297 | Coc:7    | Noticed the Serpent of Hell
132305 | Coc:7    | Defeated the Serpent of Hell
132512 | Coc:7    | Identified a +2 rod of smiting (11/11) (You found it on level 7 of Cocytus)
132786 | Coc:7    | Noticed Antaeus
133175 | Hive:2   | Learned a level 9 spell: Fire Storm
133712 | Orc:4    | Noticed an iron troll
133718 | Orc:4    | Defeated an iron troll
135482 | D:21     | Gained mutation: You are dopey (Int -2).
135873 | Hell     | Defeated Antaeus
136499 | Coc:7    | Got an icy rune of Zot
136772 | Hive:2   | Gained mutation: You have a slow metabolism.
136773 | Hive:2   | Lost mutation: You are covered in fur (AC +1).
136773 | Hive:2   | Lost mutation: Your muscles are flexible, but weak (Str -1, Dex +1).
136774 | Hive:2   | Gained mutation: You possess an exceptional clarity of mind.
136775 | Hive:2   | Gained mutation: You are dopey (Int -3).
136775 | Hive:2   | Lost mutation: Your body is slowly deteriorating.
136775 | Hive:2   | Lost mutation: You are dopey (Int -3).
136776 | Hive:2   | Lost mutation: Armour fits poorly on your badly deformed body.
136776 | Hive:2   | Lost mutation: Your system is resistant to poisons.
136788 | Hive:2   | Lost mutation: Your magical capacity is low (-10% MP).
136788 | Hive:2   | Lost mutation: You have a slow metabolism.
136788 | Hive:2   | Lost mutation: Armour fits poorly on your deformed body.
136788 | Hive:2   | Lost mutation: Armour fits poorly on your unusually shaped body.
136788 | Hive:2   | Lost mutation: You are dopey (Int -2).
136788 | Hive:2   | Lost mutation: You are dopey (Int -1).
136979 | Geh:1    | Entered Level 1 of Gehenna
137032 | Geh:1    | Noticed a Fiend
137035 | Geh:1    | Defeated a Fiend
137338 | Geh:4    | Noticed a fire crab
137339 | Geh:4    | Reached skill level 26 in Spellcasting
137432 | Geh:5    | Noticed a Fiend
137437 | Geh:5    | Defeated a Fiend
137593 | Geh:7    | Entered Level 7 of Gehenna
137715 | Geh:7    | Noticed a Fiend
137718 | Geh:7    | Defeated a Fiend
137873 | Geh:7    | Noticed a Fiend
137877 | Geh:7    | Defeated a Fiend
137967 | Geh:7    | Noticed a Fiend
137968 | Geh:7    | Noticed a Fiend
137974 | Geh:7    | Defeated a Fiend
137977 | Geh:7    | Defeated a Fiend
138005 | Geh:7    | Got a glistering book
138006 | Geh:7    | Identified the Incunabulum of Displacement and Transformation (You found it on level 7 of Gehenna)
138014 | Geh:7    | Got a crude pewter ring
138032 | Geh:7    | Got a mithril axe
138146 | Geh:7    | Noticed a Fiend
138149 | Geh:7    | Noticed a Fiend
138149 | Geh:7    | Defeated a Fiend
138153 | Geh:7    | Defeated a Fiend
138164 | Geh:7    | Noticed Asmodeus
138227 | Geh:7    | Got an obsidian rune of Zot
138376 | Geh:7    | Noticed a Fiend
138380 | Geh:7    | Defeated a Fiend
138476 | Geh:7    | Noticed a Fiend
138480 | Geh:7    | Defeated a Fiend
138486 | Geh:7    | Noticed a Pit Fiend
138708 | Hive:2   | Identified the ring "Thulinn" (You found it on level 7 of Gehenna)
138746 | Hive:2   | Learned a level 2 spell: Swiftness
138979 | Geh:2    | Noticed a soul eater
139059 | Geh:4    | Noticed a soul eater
139401 | Geh:7    | Noticed a Fiend
139404 | Geh:7    | Defeated a Fiend
139441 | Geh:7    | Noticed a Fiend
139460 | Geh:7    | Noticed a Fiend
143298 | Tomb:1   | Reached skill level 27 in Spellcasting
147135 | Tomb:3   | Entered Level 3 of the Tomb of the Ancients
151361 | Tomb:2   | Reached skill level 15 in Summonings
152437 | Tomb:3   | Gained mutation: Your magical capacity is low (-10% MP).
153625 | Tomb:3   | Got a golden rune of Zot
153699 | Tomb:3   | Got a blackened katana
153724 | Tomb:3   | Got an engraved book
153726 | Tomb:3   | Got an antique book
153737 | Tomb:3   | Got a brightly glowing turquoise ring
153741 | Tomb:3   | Got a glistering book
153751 | Tomb:3   | Got a levitating book
153754 | Tomb:3   | Got a glittering diamond amulet
153765 | Tomb:3   | Identified the ring "Daanas" (You found it on level 3 of the Tomb of the Ancients)
153890 | Tomb:3   | Lost mutation: You possess an exceptional clarity of mind.
153990 | Tomb:3   | Gained mutation: You are weak (Str -1).
154225 | Tomb:1   | Identified Kikubaaqudgha's Grimoire of Evil Rites (You found it on level 3 of the Tomb of the Ancients)
154225 | Tomb:1   | Identified Roxanne's Grimoire of Transformation and Stones (You found it on level 3 of the Tomb of the Ancients)
154225 | Tomb:1   | Identified the Papyrus of Flamy Confrontation (You found it on level 3 of the Tomb of the Ancients)
154225 | Tomb:1   | Identified Margery's Almanac of Harmful Heat (You found it on level 3 of the Tomb of the Ancients)
154812 | Hive:2   | Learned a level 9 spell: Summon Dragon
154891 | Hive:2   | Identified the amulet of Law (You found it on level 3 of the Tomb of the Ancients)
154901 | Hive:2   | Identified the katana "Bloodbane" {slice, *Rage +Rage Stlth-} (You took it off a guardian mummy on level 3 of the Tomb of the Ancients)
154912 | Hive:2   | Paralysed by you for 3 turns
155711 | Abyss    | Entered The Abyss
155864 | Abyss    | Noticed a grey draconian
155870 | Abyss    | Defeated a grey draconian
156242 | Abyss    | Noticed a red ugly thing
156245 | Abyss    | Noticed a red ugly thing
156245 | Abyss    | Noticed a red ugly thing
156247 | Abyss    | Defeated a red ugly thing
156247 | Abyss    | Defeated a red ugly thing
156247 | Abyss    | Defeated a red ugly thing
156248 | Abyss    | Defeated a red ugly thing
156501 | Abyss    | Noticed a tormentor
156505 | Abyss    | Defeated a tormentor
156613 | Abyss    | Noticed a soul eater
156721 | Abyss    | Defeated a soul eater
157120 | Abyss    | Noticed a deep dwarf necromancer
157121 | Abyss    | Defeated a deep dwarf necromancer
157123 | Abyss    | Noticed a grey draconian scorcher
157125 | Abyss    | Defeated a grey draconian scorcher
157363 | Abyss    | Noticed a necromancer
157364 | Abyss    | Noticed a hell knight
157365 | Abyss    | Defeated a necromancer
157367 | Abyss    | Noticed a hell knight
157367 | Abyss    | Noticed a hell knight
157367 | Abyss    | Defeated a hell knight
157368 | Abyss    | Defeated a hell knight
157369 | Abyss    | Defeated a hell knight
157409 | Abyss    | Noticed a hell knight
157411 | Abyss    | Defeated a hell knight
157610 | Abyss    | Noticed a spiny worm
157612 | Abyss    | Defeated a spiny worm
157754 | Abyss    | Noticed a stone golem
157766 | Abyss    | Defeated a stone golem
157876 | Abyss    | Noticed a giant eyeball
158140 | Abyss    | Noticed a reaper
158142 | Abyss    | Defeated a reaper
158362 | Abyss    | Noticed a jelly
158363 | Abyss    | Defeated a jelly
158378 | Abyss    | Noticed a deep dwarf berserker
158381 | Abyss    | Defeated a deep dwarf berserker
158393 | Abyss    | Noticed a jelly
158394 | Abyss    | Defeated a jelly
158779 | Abyss    | Reached skill level 15 in Necromancy
159171 | Abyss    | Got an abyssal rune of Zot
159664 | Abyss    | Noticed a wizard
159665 | Abyss    | Defeated a wizard
159761 | Abyss    | Got a crystal hand axe
159781 | Abyss    | Noticed a tentacled monstrosity
159784 | Abyss    | Noticed an eidolon
159785 | Abyss    | Defeated a tentacled monstrosity
159788 | Abyss    | Defeated an eidolon
159801 | Abyss    | Defeated a phantom
160167 | Abyss    | Gained mutation: Your magical capacity is very low (-20% MP).
160299 | Abyss    | Gained mutation: Your vision is a little blurry.
160672 | D:25     | You pass through the gate.
160915 | Hive:2   | Gained mutation: Your flesh is cold resistant.
160915 | Hive:2   | Lost mutation: You often lose your temper in combat.
160916 | Hive:2   | Gained mutation: Your muscles are strong, but stiff (Str +1, Dex -1).
160916 | Hive:2   | Gained mutation: Your magical capacity is extremely low (-30% MP).
160918 | Hive:2   | Lost mutation: Your muscles are strong, but stiff (Str +1, Dex -1).
160918 | Hive:2   | Lost mutation: You are weak (Str -1).
160918 | Hive:2   | Lost mutation: You tend to lose your temper in combat.
160918 | Hive:2   | Lost mutation: Your magical capacity is extremely low (-30% MP).
160918 | Hive:2   | Lost mutation: Your vision is a little blurry.
160949 | Hive:2   | Identified the cursed hand axe "Hirahyaj" {freeze, rC+ rN+} (You found it in the Abyss)
161276 | D:27     | Bought the ring of Ycaf Urph {rElec rC+} for 784 gold pieces
161561 | Hive:2   | Lost mutation: Your magical capacity is very low (-20% MP).
161561 | Hive:2   | Lost mutation: Your magical capacity is low (-10% MP).
161561 | Hive:2   | Lost mutation: Your flesh is cold resistant.
161561 | Hive:2   | Lost mutation: You are resistant to electric shocks.
161798 | Zot:1    | Entered Level 1 of the Realm of Zot
165391 | Zot:3    | Reached skill level 15 in Fire Magic
166756 | Zot:5    | Entered Level 5 of the Realm of Zot
167909 | Zot:5    | Noticed an ancient lich
167911 | Zot:5    | Defeated an ancient lich
167950 | Zot:5    | Noticed an ancient lich
167953 | Zot:5    | Noticed an orb of fire
167954 | Zot:5    | Defeated an ancient lich
167962 | Zot:5    | Gained mutation: You tend to lose your temper in combat.
168303 | Zot:5    | Defeated an orb of fire
168475 | Zot:5    | Noticed an ancient lich
168477 | Zot:5    | Defeated an ancient lich
168766 | Zot:5    | Noticed an ancient lich
168769 | Zot:5    | Defeated an ancient lich
168770 | Zot:5    | Noticed an ancient lich
168772 | Zot:5    | Defeated an ancient lich
168847 | Zot:5    | Noticed an orb of fire
169126 | Zot:5    | Noticed an ancient lich
169133 | Zot:5    | Defeated an ancient lich
169133 | Zot:5    | Defeated an orb of fire
169154 | Zot:5    | Noticed an ancient lich
169719 | Zot:5    | Defeated an ancient lich
170286 | Zot:5    | Noticed an ancient lich
170289 | Zot:5    | Defeated an ancient lich
171100 | Zot:5    | Noticed an ancient lich
171103 | Zot:5    | Defeated an ancient lich
172068 | Zot:5    | Got the Orb of Zot
172712 | Hive:2   | Noticed Khoteip the pandemonium lord
172995 | D:$      | Escaped with the Orb!
